Workbook
Name _: #REF!
Name _: #REF!
Name _: #REF!
Name _: #REF!
Name _: #REF!
Name ___AFC1: [1]INV!$A$25:$D$28
Name ___AFC3: [1]INV!$F$25:$I$28
Name ___AFC5: [1]INV!$K$25:$N$28
Name ___BGC1: [1]INV!$A$5:$D$8
Name ___BGC3: [1]INV!$F$5:$I$8
Name ___BGC5: [1]INV!$K$5:$N$8
Name ___CAC1: [1]INV!$A$19:$D$22
Name ___CAC3: [1]INV!$F$19:$I$22
Name ___CAC5: [1]INV!$K$19:$N$22
Name ___EST1: #REF!
Name ___EST1: #REF!
Name ___EST1: #REF!
Name ___EST1: #REF!
Name ___EST1: #REF!
Name ___EST10: #REF!
Name ___EST10: #REF!
Name ___EST10: #REF!
Name ___EST10: #REF!
Name ___EST10: #REF!
Name ___EST11: #REF!
Name ___EST11: #REF!
Name ___EST11: #REF!
Name ___EST11: #REF!
Name ___EST11: #REF!
Name ___EST12: #REF!
Name ___EST12: #REF!
Name ___EST12: #REF!
Name ___EST12: #REF!
Name ___EST12: #REF!
Name ___EST13: #REF!
Name ___EST13: #REF!
Name ___EST13: #REF!
Name ___EST13: #REF!
Name ___EST13: #REF!
Name ___EST14: #REF!
Name ___EST14: #REF!
Name ___EST14: #REF!
Name ___EST14: #REF!
Name ___EST14: #REF!
Name ___EST15: #REF!
Name ___EST15: #REF!
Name ___EST15: #REF!
Name ___EST15: #REF!
Name ___EST15: #REF!
Name ___EST16: #REF!
Name ___EST16: #REF!
Name ___EST16: #REF!
Name ___EST16: #REF!
Name ___EST16: #REF!
Name ___EST17: #REF!
Name ___EST17: #REF!
Name ___EST17: #REF!
Name ___EST17: #REF!
Name ___EST17: #REF!
Name ___EST18: #REF!

Sheet Conformación
A1: EMPRESA NACIONAL PROMOTORA DEL DESARROLLO TERRITORIAL – ENTerritorio OBJETO: “ACTUALIZACIÓN, CONFIGURACIÓN, SOPORTE, ACOMPAÑAMIENTO TÉCNICO Y TRANSFERENCIA DE CONOCIMIENTO, PARA EL LICENCIAMIENTO FUJITSU DE ENTERRITORIO” MODALIDAD DE CONTRATACIÓN: CONTRATACIÓN EXPEDITA ESPECIAL CEE-005-2021
A3: No. | B3: NOMBRE DEL OFERENTE | C3: REPRESENTANTE LEGAL | D3: INTEGRANTES | E3: INTEGRANTE 1 | F3: Identificación Int. 1 | G3: % Int. 1 | H3: INTEGRANTE 2 | I3: Identificación Int. 2 | J3: % Int. 2 | K3: INTEGRANTE 3 | L3: Identificación Int. 3 | M3: % Int. 3 | N3: INTEGRANTE 4 | O3: Identificación Int. 4 | P3: % Int. 4 | Q3: INTEGRANTE 5 | R3: Identificación Int. 5 | S3: % Int. 5 | T3: Telefono | U3: FAX | V3: Direccion | W3: Email | X3: Ciudad | Y3: ANTICIPO | Z3: GRUPOS
Z4: 1 | AA4: 2 | AB4: 3 | AC4: 4 | AD4: 5
A5: 1 | B5: BPENNOVA CONSULTORÍA S.A.S. | C5: NELSON GILDARDO PRIETO C.C. 7.300.332 | D5: ="("&E5&" "&TEXT(G5,"##0%")&" - "&H5&" "&TEXT(J5,"##0%")&" - "&K5&" "&TEXT(M5,"##0%")&"-"&N5&" "&TEXT(P5,"##0%")&"-"&Q5&" "&TEXT(S5,"##0%")&") " -> (BPENNOVA CONSULTORÍA S.A.S. 100% - 0% - 0%- 0%- 0%) | E5: BPENNOVA CONSULTORÍA S.A.S. | F5: NIT 900.738.865-7 | G5: 1 | O5: NIT o C.C. | R5: NIT o C.C. | T5: 3135481128 | V5: Carrera 54D No. 135-95, Torre 2, Ofic. 203 | W5: info@bp-ennova.com | X5: BOGOTA D.C | Y5: N/A | Z5: X | AA5: X | AB5: X | AC5: X | AD5: X
A6: 2 | Z6: X | AA6: X | AB6: X | AC6: X | AD6: X
A7: 3 | Z7: X
A8: 4
A9: 5
A10: 6

Sheet Exp. oferente
B1: =Conformación!A1 -> EMPRESA NACIONAL PROMOTORA DEL DESARROLLO TERRITORIAL – ENTerritorio OBJETO: “ACTUALIZACIÓN, CONFIGURACIÓN, SOPORTE, ACOMPAÑAMIENTO TÉCNICO Y TRANSFERENCIA DE CONOCIMIENTO, PARA EL LICENCIAMIENTO FUJITSU DE ENTERRITORIO” MODALIDAD DE CONTRATACIÓN: CONTRATACIÓN EXPEDITA ESPECIAL CEE-005-2021
V2: AÑO | W2: SMMLV
B3: EXPERIENCIA TÉCNICA DEL OFERENTE | V3: 1984 | W3: 11298
V4: 1985 | W4: 13557.6
B5: El oferente debe acreditar en su oferta, que cuenta con experiencia específica en: | V5: 1986 | W5: 16811.4
B6: * Suministro o instalación o configuración o renovación de licenciamiento FUJITSU. * Parametrizaciones entre documentos Excel y los esquemas de reporte de la Superintendencia Financiera de Colombia usando software de FUJITSU. * Construcción de taxonomías XBRL donde se haya elaborado extensiones de la taxonomía IFRS y la construcción de link bases de presentación, definición, cálculo y etiquetas usando software de FUJITSU. * Desarrollo de fórmulas XBRL usando software de FUJITSU. | V6: 1987 | W6: 20509.8
B7: La experiencia deberá ser acreditada con la ejecución de MÁXIMO CINCO (5) CONTRATOS terminados.
B8: Los contratos aportados deberán sumar, en su conjunto, un valor igual o superior a una (1) vez el valor del POE, expresado en SMMLV a la fecha de su terminación.
V11: 1988 | W11: 25637.4
K12: POE SMMLV | L12: (1 VEZ EL POE) SMMLV | V12: 1989 | W12: 32559.6
G13: =B8 -> Los contratos aportados deberán sumar, en su conjunto, un valor igual o superior a una (1) vez el valor del POE, expresado en SMMLV a la fecha de su terminación. | H13: =K13 -> 24.999108 | I13: presupuesto oficial | J13: 22712340 | K13: =J13/$J$14 -> 24.999108 | L13: =+K13 -> 24.999108 | V13: 1990 | W13: 41025
I14: SMMLV 2021 | J14: 908526 | V14: 1991 | W14: 51716.1
V15: 1992 | W15: 65190
V16: 1993 | W16: 81510
V17: 1994 | W17: 98700
C18: Oferente | D18: 1 | G18: =VLOOKUP(D18,Conformación!$A$5:$S$125,2,FALSE) -> BPENNOVA CONSULTORÍA S.A.S. | V18: 1995 | W18: 118933.5
G19: =VLOOKUP(D18,Conformación!$A$5:$S$125,4,FALSE) -> (BPENNOVA CONSULTORÍA S.A.S. 100% - 0% - 0%- 0%- 0%) | V19: 1996 | W19: 142125
V20: 1997 | W20: 172005
V21: 1998 | W21: 203826
B22: No | C22: PROPIETARIO O ENTIDAD CONTRATANTE | D22: APORTADA POR | E22: % en Cto | F22: CONSECUTIVO RUP | G22: OBJETO | H22: Fecha de Terminación | I22: Archivo | J22: VALOR | K22: =+K$12 -> POE SMMLV | L22: OBSERVACIONES | V22: 1999 | W22: 236460
B23: 1 | C23: SUPERINTENDENCIA DE INFUSTRIA Y COMERCIO | D23: BPENNOVA CONSULTORÍA S.A.S. | E23: 1 | F23: N/A | G23: * Venta de derechos de actualizaciones y prestación de soporte técnico en software Fujitsu Interstage XWand Toolkit. * Generación de Taxonomía SIC-XBRL y linkbases como extensión a la Taxonomía IFRS XBRL. * Generación de reglas de negocio mediante Especificación Formulas XBRL 1.0. | H23: 44037 | J23: =23.7748*877803 -> 20869591 | K23: =IF(H23=0,0,IF(H23<0,"FUERA DE TIEMPO",J23*E23/VLOOKUP(YEAR(H23),$V$3:$W$43,2,0))) -> 23.7748 | L23: CUMPLE | M23: =+IF(K23>=$H$13,1,0) -> 0 | P23: INTEGRANTES | V23: 2000 | W23: 260100
B24: 2 | C24: GRUPO ARGOS S.A. | D24: BPENNOVA CONSULTORÍA S.A.S. | E24: 1 | F24: N/A | G24: Soporte técnico y funcional en la generación de reportes electrónicos en formato xbrl mediante el desarrollo de parametrizaciones entre Excel y la Taxonomía XBRL de la Superintendencia Financiera a través del módulo Sheet Mapping Designer del software Fujitsu Interstage XWand Toolkit | H24: 43646 | J24: =29.7185*828116 -> 24610365 | K24: =IF(H24=0,0,IF(H24<0,"FUERA DE TIEMPO",J24*E24/VLOOKUP(YEAR(H24),$V$3:$W$43,2,0))) -> 29.7185 | L24: Debe corregir certificación | M24: =+IF(K24>=$H$13,1,0) -> 1 | P24: =+H36 -> BPENNOVA CONSULTORÍA S.A.S. | Q24: =+H37 -> 0 | R24: =+H38 -> 0 | S24: =+H39 -> 0 | T24: =+H40 -> 0 | V24: 2001 | W24: 286000
B25: 3 | C25: BOLSA DE VALORES DE COLOMBIA | D25: BPENNOVA CONSULTORÍA S.A.S. | E25: 1 | F25: N/A | G25: Implementación y capacitación en los modelos de datos XBRL con base en las Normas Internacionales de Información Financiera (IFRS) y su aplicación con el software Fujitsu Interstage XWand Toolkit. | H25: 42356 | J25: =644350*62.4672 -> 40250740 | K25: =IF(H25=0,0,IF(H25<0,"FUERA DE TIEMPO",J25*E25/VLOOKUP(YEAR(H25),$V$3:$W$43,2,0))) -> 62.4672 | L25: CUMPLE | M25: =+IF(K25>=$H$13,1,0) -> 1 | P25: =+IF(D23=$P$24,K23,0) -> 23.7748 | Q25: =+IF(D23=$Q$24,K23,0) -> 0 | R25: =+IF(D23=$R$24,K23,0) -> 0 | S25: =+IF(D23=$S$24,K23,0) -> 0 | T25: =+IF(D23=$T$24,K23,0) -> 0 | V25: 2002 | W25: 309000
B26: 4 | C26: BOLSA DE VALORES DE MÉXICO | D26: BPENNOVA CONSULTORÍA S.A.S. | E26: 1 | F26: N/A | G26: Desarrollar los servicios de consultoría para la conceptualización de los modelos de datos XBRL con base en las NIIF para la digitalización de la información financiera a través de la Plataforma EMISNET. | H26: 41425 | J26: =218.6018*589500 -> 1.2886576e+08 | K26: =IF(H26=0,0,IF(H26<0,"FUERA DE TIEMPO",J26*E26/VLOOKUP(YEAR(H26),$V$3:$W$43,2,0))) -> 218.6018 | L26: CUMPLE | M26: =+IF(K26>=$H$13,1,0) -> 1 | P26: =+IF(D24=$P$24,K24,0) -> 29.7185 | Q26: =+IF(D24=$Q$24,K24,0) -> 0 | R26: =+IF(D24=$R$24,K24,0) -> 0 | S26: =+IF(D24=$S$24,K24,0) -> 0 | T26: =+IF(D24=$T$24,K24,0) -> 0 | V26: 2003 | W26: 332000
K27: =IF(H27=0,0,IF(H27<0,"FUERA DE TIEMPO",J27*E27/VLOOKUP(YEAR(H27),$V$3:$W$43,2,0))) -> 0 | M27: =+IF(K27>=$H$13,1,0) -> 0 | P27: =+IF(D25=$P$24,K25,0) -> 62.4672 | Q27: =+IF(D25=$Q$24,K25,0) -> 0 | R27: =+IF(D25=$R$24,K25,0) -> 0 | S27: =+IF(D25=$S$24,K25,0) -> 0 | T27: =+IF(D25=$T$24,K25,0) -> 0 | V27: 2004 | W27: 358000
B28: 6 | K28: =IF(H28=0,0,IF(H28<0,"FUERA DE TIEMPO",J28*E28/VLOOKUP(YEAR(H28),$V$3:$W$43,2,0))) -> 0 | P28: =+IF(D26=$P$24,K26,0) -> 218.6018 | Q28: =+IF(D26=$Q$24,K26,0) -> 0 | R28: =+IF(D26=$R$24,K26,0) -> 0 | S28: =+IF(D26=$S$24,K26,0) -> 0 | T28: =+IF(D26=$T$24,K26,0) -> 0 | V28: 2005 | W28: 381500
B29: 7 | K29: =IF(H29=0,0,IF(H29<0,"FUERA DE TIEMPO",J29*E29/VLOOKUP(YEAR(H29),$V$3:$W$43,2,0))) -> 0 | P29: =+IF(D27=$P$24,K27,0) -> 0 | Q29: =+IF(D27=$Q$24,K27,0) -> 0 | R29: =+IF(D27=$R$24,K27,0) -> 0 | S29: =+IF(D27=$S$24,K27,0) -> 0 | T29: =+IF(D27=$T$24,K27,0) -> 0 | V29: 2006 | W29: 408000
B30: 8 | K30: =IF(H30=0,0,IF(H30<0,"FUERA DE TIEMPO",J30*E30/VLOOKUP(YEAR(H30),$V$3:$W$43,2,0))) -> 0 | P30: =+IF(D29=$P$24,K29,0) -> 0 | Q30: =+IF(D29=$Q$24,K29,0) -> 0 | R30: =+IF(D29=$R$24,K29,0) -> 0 | S30: =+IF(D29=$S$24,K29,0) -> 0 | T30: =+IF(D29=$T$24,K29,0) -> 0 | V30: 2007 | W30: 433700
B31: 8 | K31: =IF(H31=0,0,IF(H31<0,"FUERA DE TIEMPO",J31*E31/VLOOKUP(YEAR(H31),$V$3:$W$43,2,0))) -> 0 | P31: =+IF(D30=$P$24,K30,0) -> 0 | Q31: =+IF(D30=$Q$24,K30,0) -> 0 | R31: =+IF(D30=$R$24,K30,0) -> 0 | S31: =+IF(D30=$S$24,K30,0) -> 0 | T31: =+IF(D30=$T$24,K30,0) -> 0 | V31: 2008 | W31: 461500
B32: 10 | K32: =IF(H32=0,0,IF(H32<0,"FUERA DE TIEMPO",J32*E32/VLOOKUP(YEAR(H32),$V$3:$W$43,2,0))) -> 0 | P32: =+IF(D31=$P$24,K31,0) -> 0 | Q32: =+IF(D31=$Q$24,K31,0) -> 0 | R32: =+IF(D31=$R$24,K31,0) -> 0 | S32: =+IF(D31=$S$24,K31,0) -> 0 | T32: =+IF(D31=$T$24,K31,0) -> 0 | V32: 2009 | W32: 496900
B33: 10 | K33: =IF(H33=0,0,IF(H33<0,"FUERA DE TIEMPO",J33*E33/VLOOKUP(YEAR(H33),$V$3:$W$43,2,0))) -> 0 | P33: =+IF(D32=$P$24,K32,0) -> 0 | Q33: =+IF(D32=$Q$24,K32,0) -> 0 | R33: =+IF(D32=$R$24,K32,0) -> 0 | S33: =+IF(D32=$S$24,K32,0) -> 0 | T33: =+IF(D32=$T$24,K32,0) -> 0 | V33: 2010 | W33: 515000
J34: TOTAL | K34: =SUM(K23:K33) -> 334.5623 | P34: =SUM(P25:P33) -> 334.5623 | Q34: =SUM(Q25:Q33) -> 0 | R34: =SUM(R25:R33) -> 0 | S34: =SUM(S25:S33) -> 0 | T34: =SUM(T25:T33) -> 0 | V34: 2011 | W34: 535600
K35: =+IF(OR(M37=0,K41>=1),"NO CUMPLE","CUMPLE") -> CUMPLE | L35: =IF(K35="NO CUMPLE","0",IF(K34>=L13,"CUMPLE SUMATORIA DE TODOS 1,0 DEL POE",IF(K34<L13,"NO CUMPLE SUMATORIA DE TODOS 1,0 DEL POE"))) -> CUMPLE SUMATORIA DE TODOS 1,0 DEL POE | V35: 2012 | W35: 566700
H36: =VLOOKUP(D18,Conformación!$A$5:$S$125,5,FALSE) -> BPENNOVA CONSULTORÍA S.A.S. | I36: =VLOOKUP(D18,Conformación!$A$5:$S$125,7,FALSE) -> 1 | J36: =+P34 -> 334.5623 | K36: =+IF(J36<MAX($J$36:$J$40),"",IF(J36=MAX($J$36:$J$40)*AND(SUM($J$36:$J$40)>MAX($J$36:$J$40))*AND((I36>=0.34)),"V.Bo.",IF(J36=MAX($J$36:$J$40)*AND(J36=SUM($J$36:$J$40))*AND(I36>=0.51),"V.Bo.","NO CUMPLE"))) -> V.Bo. | V36: 2013 | W36: 589500
H37: =VLOOKUP(D18,Conformación!$A$5:$S$125,8,FALSE) -> 0 | I37: =VLOOKUP(D18,Conformación!$A$5:$S$125,10,FALSE) -> 0 | J37: =+Q34 -> 0 | K37: =+IF(J37<MAX($J$36:$J$40),"",IF(J37=MAX($J$36:$J$40)*AND(SUM($J$36:$J$40)>MAX($J$36:$J$40))*AND((I37>=0.34)),"V.Bo.",IF(J37=MAX($J$36:$J$40)*AND(J37=SUM($J$36:$J$40))*AND(I37>=0.51),"V.Bo.","NO CUMPLE"))) | M37: =M23+M24+M25+M26+M27 -> 3 | V37: 2014 | W37: 616000
H38: =VLOOKUP(D18,Conformación!$A$5:$S$125,11,FALSE) -> 0 | I38: =VLOOKUP(D18,Conformación!$A$5:$S$125,13,FALSE) -> 0 | J38: =+R34 -> 0 | K38: =+IF(J38<MAX($J$36:$J$40),"",IF(J38=MAX($J$36:$J$40)*AND(SUM($J$36:$J$40)>MAX($J$36:$J$40))*AND((I38>=0.34)),"V.Bo.",IF(J38=MAX($J$36:$J$40)*AND(J38=SUM($J$36:$J$40))*AND(I38>=0.51),"V.Bo.","NO CUMPLE"))) | V38: 2015 | W38: 644350
H39: =VLOOKUP(D18,Conformación!$A$5:$S$125,14,FALSE) -> 0 | I39: =VLOOKUP(D18,Conformación!$A$5:$S$125,16,FALSE) -> 0 | J39: =+S34 -> 0 | K39: =+IF(J39<MAX($J$36:$J$40),"",IF(J39=MAX($J$36:$J$40)*AND(SUM($J$36:$J$40)>MAX($J$36:$J$40))*AND((I39>=0.34)),"V.Bo.",IF(J39=MAX($J$36:$J$40)*AND(J39=SUM($J$36:$J$40))*AND(I39>=0.51),"V.Bo.","NO CUMPLE"))) | V39: 2016 | W39: 689454
H40: =VLOOKUP(D18,Conformación!$A$5:$S$125,17,FALSE) -> 0 | I40: =VLOOKUP(D18,Conformación!$A$5:$S$125,19,FALSE) -> 0 | J40: =+T34 -> 0 | K40: =+IF(J40<MAX($J$36:$J$40),"",IF(J40=MAX($J$36:$J$40)*AND(SUM($J$36:$J$40)>MAX($J$36:$J$40))*AND((I40>=0.34)),"V.Bo.",IF(J40=MAX($J$36:$J$40)*AND(J40=SUM($J$36:$J$40))*AND(I40>=0.51),"V.Bo.","NO CUMPLE"))) | V40: 2017 | W40: 737717
K41: =+COUNTIF(K36:K40,"NO CUMPLE") -> 0 | V41: 2018 | W41: 781242
V42: 2019 | W42: 828116
C43: Oferente | D43: 2 | G43: =VLOOKUP(D43,Conformación!$A$5:$S$125,2,FALSE) -> 0 | V43: 2020 | W43: 877803
G44: =VLOOKUP(D43,Conformación!$A$5:$S$125,4,FALSE) -> 0
B48: No | C48: PROPIETARIO O ENTIDAD CONTRATANTE | D48: APORTADA POR | E48: % en Cto | F48: CONSECUTIVO RUP | G48: OBJETO | H48: Fecha de Terminación | I48: Archivo | J48: VALOR | K48: =+K$12 -> POE SMMLV | L48: OBSERVACIONES
B49: 1 | K49: =IF(H49=0,0,IF(H49<0,"FUERA DE TIEMPO",J49*E49/VLOOKUP(YEAR(H49),$V$3:$W$43,2,0))) -> 0 | M49: =+IF(K49>=$H$13,1,0) -> 0 | P49: INTEGRANTES
B50: 2 | K50: =IF(H50=0,0,IF(H50<0,"FUERA DE TIEMPO",J50*E50/VLOOKUP(YEAR(H50),$V$3:$W$43,2,0))) -> 0 | M50: =+IF(K50>=$H$13,1,0) -> 0 | P50: =+H61 -> 0 | Q50: =+H62 -> 0 | R50: =+H63 -> 0 | S50: =+H64 -> 0 | T50: =+H65 -> 0
B51: 3 | K51: =IF(H51=0,0,IF(H51<0,"FUERA DE TIEMPO",J51*E51/VLOOKUP(YEAR(H51),$V$3:$W$43,2,0))) -> 0 | M51: =+IF(K51>=$H$13,1,0) -> 0 | P51: =+IF(D49=$P$50,K49,0) -> 0 | Q51: =+IF(D49=$Q$24,K49,0) -> 0 | R51: =+IF(D49=$R$24,K49,0) -> 0 | S51: =+IF(D49=$S$24,K49,0) -> 0 | T51: =+IF(D49=$T$24,K49,0) -> 0
B52: 4 | K52: =IF(H52=0,0,IF(H52<0,"FUERA DE TIEMPO",J52*E52/VLOOKUP(YEAR(H52),$V$3:$W$43,2,0))) -> 0 | M52: =+IF(K52>=$H$13,1,0) -> 0 | P52: =+IF(D50=$P$50,K50,0) -> 0 | Q52: =+IF(D50=$Q$24,K50,0) -> 0 | R52: =+IF(D50=$R$24,K50,0) -> 0 | S52: =+IF(D50=$S$24,K50,0) -> 0 | T52: =+IF(D50=$T$24,K50,0) -> 0
B53: 5 | K53: =IF(H53=0,0,IF(H53<0,"FUERA DE TIEMPO",J53*E53/VLOOKUP(YEAR(H53),$V$3:$W$43,2,0))) -> 0 | P53: =+IF(D51=$P$50,K51,0) -> 0 | Q53: =+IF(D51=$Q$24,K51,0) -> 0 | R53: =+IF(D51=$R$24,K51,0) -> 0 | S53: =+IF(D51=$S$24,K51,0) -> 0 | T53: =+IF(D51=$T$24,K51,0) -> 0
K54: =IF(H54=0,0,IF(H54<0,"FUERA DE TIEMPO",J54*E54/VLOOKUP(YEAR(H54),$V$3:$W$43,2,0))) -> 0 | P54: =+IF(D52=$P$50,K52,0) -> 0 | Q54: =+IF(D52=$Q$24,K52,0) -> 0 | R54: =+IF(D52=$R$24,K52,0) -> 0 | S54: =+IF(D52=$S$24,K52,0) -> 0 | T54: =+IF(D52=$T$24,K52,0) -> 0
K55: =IF(H55=0,0,IF(H55<0,"FUERA DE TIEMPO",J55*E55/VLOOKUP(YEAR(H55),$V$3:$W$43,2,0))) -> 0 | P55: =+IF(D53=$P$50,K53,0) -> 0 | Q55: =+IF(D53=$Q$24,K53,0) -> 0 | R55: =+IF(D53=$R$24,K53,0) -> 0 | S55: =+IF(D53=$S$24,K53,0) -> 0 | T55: =+IF(D53=$T$24,K53,0) -> 0
K56: =IF(H56=0,0,IF(H56<0,"FUERA DE TIEMPO",J56*E56/VLOOKUP(YEAR(H56),$V$3:$W$43,2,0))) -> 0 | P56: =+IF(D54=$P$50,K54,0) -> 0 | Q56: =+IF(D54=$Q$24,K54,0) -> 0 | R56: =+IF(D54=$R$24,K54,0) -> 0 | S56: =+IF(D54=$S$24,K54,0) -> 0 | T56: =+IF(D54=$T$24,K54,0) -> 0
K57: =IF(H57=0,0,IF(H57<0,"FUERA DE TIEMPO",J57*E57/VLOOKUP(YEAR(H57),$V$3:$W$43,2,0))) -> 0 | P57: =+IF(D55=$P$50,K55,0) -> 0 | Q57: =+IF(D55=$Q$24,K55,0) -> 0 | R57: =+IF(D55=$R$24,K55,0) -> 0 | S57: =+IF(D55=$S$24,K55,0) -> 0 | T57: =+IF(D55=$T$24,K55,0) -> 0
K58: =IF(H58=0,0,IF(H58<0,"FUERA DE TIEMPO",J58*E58/VLOOKUP(YEAR(H58),$V$3:$W$43,2,0))) -> 0 | P58: =+IF(D56=$P$50,K56,0) -> 0 | Q58: =+IF(D56=$Q$24,K56,0) -> 0 | R58: =+IF(D56=$R$24,K56,0) -> 0 | S58: =+IF(D56=$S$24,K56,0) -> 0 | T58: =+IF(D56=$T$24,K56,0) -> 0
J59: TOTAL | K59: =SUM(K49:K58) -> 0 | P59: =+IF(D57=$P$50,K57,0) -> 0 | Q59: =+IF(D57=$Q$24,K57,0) -> 0 | R59: =+IF(D57=$R$24,K57,0) -> 0 | S59: =+IF(D57=$S$24,K57,0) -> 0 | T59: =+IF(D57=$T$24,K57,0) -> 0
K60: =+IF(OR(M63=0,K66>=1),"NO CUMPLE","CUMPLE") -> CUMPLE | L60: =IF(K60="NO CUMPLE","0",IF(K59>=$L$13,"CUMPLE SUMATORIA DE TODOS 1,0 DEL POE",IF(K59<$L$13,"NO CUMPLE SUMATORIA DE TODOS 1,0 DEL POE"))) -> NO CUMPLE SUMATORIA DE TODOS 1,0 DEL POE | P60: =SUM(P51:P59) -> 0 | Q60: =SUM(Q51:Q59) -> 0 | R60: =SUM(R51:R59) -> 0 | S60: =SUM(S51:S59) -> 0 | T60: =SUM(T51:T59) -> 0
H61: =VLOOKUP(D43,Conformación!$A$5:$S$125,5,FALSE) -> 0 | I61: =VLOOKUP(D43,Conformación!$A$5:$S$125,7,FALSE) -> 0 | J61: =+P60 -> 0 | K61: =+IF(J61<MAX($J$61:$J$65),"",IF(J61=MAX($J$61:$J$65)*AND(SUM($J$61:$J$65)>MAX($J$61:$J$65))*AND((I61>=0.34)),"V.Bo.",IF(J61=MAX($J$61:$J$65)*AND(J61=SUM($J$61:$J$65))*AND(I61>=0.51),"V.Bo.","NO CUMPLE"))) -> V.Bo.
H62: =VLOOKUP(D43,Conformación!$A$5:$S$125,8,FALSE) -> 0 | I62: =VLOOKUP(D43,Conformación!$A$5:$S$125,10,FALSE) -> 0 | J62: =+Q60 -> 0
M63: 4
K66: =+COUNTIF(K61:K65,"NO CUMPLE") -> 0
C69: Oferente | D69: 3 | G69: =VLOOKUP(D69,Conformación!$A$5:$S$125,2,FALSE) -> 0
G70: =VLOOKUP(D69,Conformación!$A$5:$S$125,4,FALSE) -> 0
P72: INTEGRANTES
B73: No | C73: PROPIETARIO O ENTIDAD CONTRATANTE | D73: APORTADA POR | E73: % en Cto | F73: CONSECUTIVO RUP | G73: OBJETO | H73: Fecha de Terminación | I73: Archivo | J73: VALOR | K73: =+K$12 -> POE SMMLV | L73: OBSERVACIONES | P73: =+H85 -> 0 | Q73: =+H86 -> 0 | R73: =+H87 -> 0 | S73: =+H88 -> 0 | T73: =+H89 -> 0
K74: =IF(H74=0,0,IF(H74<0,"FUERA DE TIEMPO",J74*E74/VLOOKUP(YEAR(H74),$V$3:$W$43,2,0))) -> 0 | M74: =+IF(K74>=$H$13,1,0) -> 0 | P74: =+IF(D74=$P$73,K74,0) -> 0 | Q74: =+IF(E74=$P$73,K74,0) -> 0 | R74: =+IF(D74=$R$73,K74,0) -> 0 | S74: =+IF(D74=$S$73,K74,0) -> 0 | T74: =+IF(D74=$T$73,K74,0) -> 0
K75: =IF(H75=0,0,IF(H75<0,"FUERA DE TIEMPO",J75*E75/VLOOKUP(YEAR(H75),$V$3:$W$43,2,0))) -> 0 | M75: =+IF(K75>=$H$13,1,0) -> 0 | P75: =+IF(D75=$P$73,K75,0) -> 0 | Q75: =+IF(E75=$P$73,L75,0) -> 0 | R75: =+IF(D75=$R$73,K75,0) -> 0 | S75: =+IF(D75=$S$73,K75,0) -> 0 | T75: =+IF(D75=$T$73,K75,0) -> 0
K76: =IF(H76=0,0,IF(H76<0,"FUERA DE TIEMPO",J76*E76/VLOOKUP(YEAR(H76),$V$3:$W$43,2,0))) -> 0 | M76: =+IF(K76>=$H$13,1,0) -> 0 | P76: =+IF(D76=$P$73,K76,0) -> 0 | Q76: =+IF(E76=$P$73,L76,0) -> 0 | R76: =+IF(D76=$R$73,K76,0) -> 0 | S76: =+IF(D76=$S$73,K76,0) -> 0 | T76: =+IF(D76=$T$73,K76,0) -> 0
K77: =IF(H77=0,0,IF(H77<0,"FUERA DE TIEMPO",J77*E77/VLOOKUP(YEAR(H77),$V$3:$W$43,2,0))) -> 0 | M77: =+IF(K77>=$H$13,1,0) -> 0 | P77: =+IF(D77=$P$73,K77,0) -> 0 | Q77: =+IF(E77=$P$73,L77,0) -> 0 | R77: =+IF(D77=$R$73,K77,0) -> 0 | S77: =+IF(D77=$S$73,K77,0) -> 0 | T77: =+IF(D77=$T$73,K77,0) -> 0
K78: =IF(H78=0,0,IF(H78<0,"FUERA DE TIEMPO",J78*E78/VLOOKUP(YEAR(H78),$V$3:$W$43,2,0))) -> 0 | M78: =+IF(K78>=$H$13,1,0) -> 0 | P78: =+IF(D78=$P$73,K78,0) -> 0 | Q78: =+IF(E78=$P$73,L78,0) -> 0 | R78: =+IF(D78=$R$73,K78,0) -> 0 | S78: =+IF(D78=$S$73,K78,0) -> 0 | T78: =+IF(D78=$T$73,K78,0) -> 0
B79: 6 | K79: =IF(H79=0,0,IF(H79<0,"FUERA DE TIEMPO",J79*E79/VLOOKUP(YEAR(H79),$V$3:$W$43,2,0))) -> 0 | P79: =+IF(D79=$P$73,K79,0) -> 0 | Q79: =+IF(D79=$Q$73,K79,0) -> 0 | R79: =+IF(D79=$R$73,K79,0) -> 0 | S79: =+IF(D79=$S$73,K79,0) -> 0 | T79: =+IF(D79=$T$73,K79,0) -> 0
B80: 7 | K80: =IF(H80=0,0,IF(H80<0,"FUERA DE TIEMPO",J80*E80/VLOOKUP(YEAR(H80),$V$3:$W$43,2,0))) -> 0 | P80: =+IF(D80=$P$73,K80,0) -> 0 | Q80: =+IF(D80=$Q$73,K80,0) -> 0 | R80: =+IF(D80=$R$73,K80,0) -> 0 | S80: =+IF(D80=$S$73,K80,0) -> 0 | T80: =+IF(D80=$T$73,K80,0) -> 0
B81: 8 | K81: =IF(H81=0,0,IF(H81<0,"FUERA DE TIEMPO",J81*E81/VLOOKUP(YEAR(H81),$V$3:$W$43,2,0))) -> 0 | P81: =+IF(D81=$P$73,K81,0) -> 0 | Q81: =+IF(D81=$Q$73,K81,0) -> 0 | R81: =+IF(D81=$R$73,K81,0) -> 0 | S81: =+IF(D81=$S$73,K81,0) -> 0 | T81: =+IF(D81=$T$73,K81,0) -> 0
B82: 9 | K82: =IF(H82=0,0,IF(H82<0,"FUERA DE TIEMPO",J82*E82/VLOOKUP(YEAR(H82),$V$3:$W$43,2,0))) -> 0 | P82: =+IF(D82=$P$73,K82,0) -> 0 | Q82: =+IF(D82=$Q$73,K82,0) -> 0 | R82: =+IF(D82=$R$73,K82,0) -> 0 | S82: =+IF(D82=$S$73,K82,0) -> 0 | T82: =+IF(D82=$T$73,K82,0) -> 0
K83: =SUM(K74:K82) -> 0 | P83: =SUM(P74:P82)-P76 -> 0 | Q83: =SUM(Q74:Q82) -> 0 | R83: =SUM(R74:R82) -> 0 | S83: =SUM(S74:S82) -> 0 | T83: =SUM(T74:T82) -> 0
K84: =+IF(OR(M86=0,K91>=1),"NO CUMPLE","CUMPLE") -> CUMPLE | L84: =IF(K84="NO CUMPLE","0",IF(K83>=$L$13,"CUMPLE SUMATORIA DE TODOS 1,0 DEL POE",IF(K83<$L$13,"NO CUMPLE SUMATORIA DE TODOS 1,0 DEL POE"))) -> NO CUMPLE SUMATORIA DE TODOS 1,0 DEL POE
H85: =VLOOKUP(D69,Conformación!$A$5:$S$125,5,FALSE) -> 0 | I85: =VLOOKUP(D69,Conformación!$A$5:$S$125,7,FALSE) -> 0 | J85: =+P83 -> 0 | K85: =+IF(J85<MAX($J$85:$J$86),"",IF(J85=MAX($J$85:$J$86)*AND(SUM($J$85:$J$86)>MAX($J$85:$J$86))*AND((I85>=0.34)),"V.Bo.",IF(J85=MAX($J$85:$J$86)*AND(J85=SUM($J$85:$J$86))*AND(I85>=0.51),"V.Bo.","NO CUMPLE"))) -> V.Bo.
H86: =VLOOKUP(D69,Conformación!$A$5:$S$125,8,FALSE) -> 0 | I86: =VLOOKUP(D69,Conformación!$A$5:$S$125,10,FALSE) -> 0 | J86: =+Q83 -> 0 | M86: 4
K91: =+COUNTIF(K85:K90,"NO CUMPLE") -> 0
C94: Oferente | D94: 4 | G94: =VLOOKUP(D94,Conformación!$A$5:$S$125,2,FALSE) -> 0
G95: =VLOOKUP(D94,Conformación!$A$5:$S$125,4,FALSE) -> 0
P97: INTEGRANTES
B98: No | C98: PROPIETARIO O ENTIDAD CONTRATANTE | D98: APORTADA POR | E98: % en Cto | F98: CONSECUTIVO RUP | G98: OBJETO | H98: Fecha de Terminación | I98: Archivo | J98: VALOR | K98: =+K$12 -> POE SMMLV | L98: OBSERVACIONES | P98: =+H110 -> 0 | Q98: =+H111 -> 0 | R98: =+H112 -> 0 | S98: =+H113 -> 0 | T98: =+H114 -> 0
K99: =IF(H99=0,0,IF(H99<0,"FUERA DE TIEMPO",J99*E99/VLOOKUP(YEAR(H99),$V$3:$W$43,2,0))) -> 0 | P99: =+IF(D99=$P$98,K99,0) -> 0 | Q99: =+IF(D99=$Q$98,K99,0) -> 0 | R99: =+IF(D99=$R$98,K99,0) -> 0 | S99: =+IF(D99=$S$98,K99,0) -> 0 | T99: =+IF(D99=$T$98,K99,0) -> 0
K100: =IF(H100=0,0,IF(H100<0,"FUERA DE TIEMPO",J100*E100/VLOOKUP(YEAR(H100),$V$3:$W$43,2,0))) -> 0 | P100: =+IF(D100=$P$98,K100,0) -> 0 | Q100: =+IF(E100=$P$98,L100,0) -> 0 | R100: =+IF(F100=$P$98,M104,0) -> 0 | S100: =+IF(G100=$P$98,N104,0) -> 0 | T100: =+IF(H100=$P$98,O106,0) -> 0
K101: =IF(H101=0,0,IF(H101<0,"FUERA DE TIEMPO",J101*E101/VLOOKUP(YEAR(H101),$V$3:$W$43,2,0))) -> 0 | P101: =+IF(D100=$P$98,K100,0) -> 0 | Q101: =+IF(D100=$Q$98,K100,0) -> 0 | R101: =+IF(D100=$R$98,K100,0) -> 0 | S101: =+IF(D100=$S$98,K100,0) -> 0 | T101: =+IF(D100=$T$98,K100,0) -> 0
K102: =IF(H102=0,0,IF(H102<0,"FUERA DE TIEMPO",J102*E102/VLOOKUP(YEAR(H102),$V$3:$W$43,2,0))) -> 0 | P102: =+IF(D101=$P$98,K101,0) -> 0 | Q102: =+IF(D101=$Q$98,K101,0) -> 0 | R102: =+IF(D101=$R$98,K101,0) -> 0 | S102: =+IF(D101=$S$98,K101,0) -> 0 | T102: =+IF(D101=$T$98,K101,0) -> 0
K103: =IF(H103=0,0,IF(H103<0,"FUERA DE TIEMPO",J103*E103/VLOOKUP(YEAR(H103),$V$3:$W$43,2,0))) -> 0 | M103: =+IF(K99>=$H$13,1,0) -> 0 | P103: =+IF(D102=$P$98,K102,0) -> 0 | Q103: =+IF(D102=$Q$98,K102,0) -> 0 | R103: =+IF(D102=$R$98,K102,0) -> 0 | S103: =+IF(D102=$S$98,K102,0) -> 0 | T103: =+IF(D102=$T$98,K102,0) -> 0
K104: =IF(H104=0,0,IF(H104<0,"FUERA DE TIEMPO",J104*E104/VLOOKUP(YEAR(H104),$V$3:$W$43,2,0))) -> 0 | M104: =+IF(K100>=$H$13,1,0) -> 0 | P104: =+IF(D103=$P$98,K103,0) -> 0 | Q104: =+IF(D103=$Q$98,K103,0) -> 0 | R104: =+IF(D103=$R$98,K103,0) -> 0 | S104: =+IF(D103=$S$98,K103,0) -> 0 | T104: =+IF(D103=$T$98,K103,0) -> 0
K105: =IF(H105=0,0,IF(H105<0,"FUERA DE TIEMPO",J105*E105/VLOOKUP(YEAR(H105),$V$3:$W$43,2,0))) -> 0 | M105: =+IF(K101>=$H$13,1,0) -> 0 | P105: =+IF(D104=$P$98,K104,0) -> 0 | Q105: =+IF(D104=$Q$98,K104,0) -> 0 | R105: =+IF(D104=$R$98,K104,0) -> 0 | S105: =+IF(D104=$S$98,K104,0) -> 0 | T105: =+IF(D104=$T$98,K104,0) -> 0
K106: =IF(H106=0,0,IF(H106<0,"FUERA DE TIEMPO",J106*E106/VLOOKUP(YEAR(H106),$V$3:$W$43,2,0))) -> 0 | M106: =+IF(K102>=$H$13,1,0) -> 0 | P106: =+IF(D105=$P$98,K105,0) -> 0 | Q106: =+IF(D105=$Q$98,K105,0) -> 0 | R106: =+IF(D105=$R$98,K105,0) -> 0 | S106: =+IF(D105=$S$98,K105,0) -> 0 | T106: =+IF(D105=$T$98,K105,0) -> 0
K107: =IF(H107=0,0,IF(H107<0,"FUERA DE TIEMPO",J107*E107/VLOOKUP(YEAR(H107),$V$3:$W$43,2,0))) -> 0 | P107: =+IF(D106=$P$98,K106,0) -> 0 | Q107: =+IF(D106=$Q$98,K106,0) -> 0 | R107: =+IF(D106=$R$98,K106,0) -> 0 | S107: =+IF(D106=$S$98,K106,0) -> 0 | T107: =+IF(D106=$T$98,K106,0) -> 0
J108: TOTAL | K108: =SUM(K99:K107) -> 0 | P108: =+IF(D107=$P$98,K107,0) -> 0 | Q108: =+IF(D107=$Q$98,K107,0) -> 0 | R108: =+IF(D107=$R$98,K107,0) -> 0 | S108: =+IF(D107=$S$98,K107,0) -> 0 | T108: =+IF(D107=$T$98,K107,0) -> 0
K109: =+IF(OR(M112=0,K115>=1),"NO CUMPLE","CUMPLE") -> NO CUMPLE | L109: =IF(K109="NO CUMPLE","0",IF(K108>=$L$13,"CUMPLE SUMATORIA DE TODOS 1,0 DEL POE",IF(K108<$L$13,"NO CUMPLE SUMATORIA DE TODOS 1,0 DEL POE"))) -> 0 | P109: =SUM(P99:P108) -> 0 | Q109: =SUM(Q99:Q108) -> 0 | R109: =SUM(R99:R108) -> 0 | S109: =SUM(S99:S108) -> 0 | T109: =SUM(T99:T108) -> 0
H110: =VLOOKUP(D94,Conformación!$A$5:$S$125,5,FALSE) -> 0 | I110: =VLOOKUP(D94,Conformación!$A$5:$S$125,7,FALSE) -> 0 | J110: =+P109 -> 0 | K110: =+IF(J110<MAX($J$110:$J$114),"",IF(J110=MAX($J$110:$J$114)*AND(SUM($J$110:$J$114)>MAX($J$110:$J$114))*AND((I110>0.34)),"V.Bo.",IF(J110=MAX($J$110:$J$114)*AND(J110=SUM($J$110:$J$114))*AND(I110>=0.51),"V.Bo.","NO CUMPLE"))) -> V.Bo.
H111: =VLOOKUP(D94,Conformación!$A$5:$S$125,8,FALSE) -> 0 | I111: =VLOOKUP(D94,Conformación!$A$5:$S$125,10,FALSE) -> 0 | J111: =+Q109 -> 0 | K111: =+IF(J111<MAX($J$110:$J$114),"",IF(J111=MAX($J$110:$J$114)*AND(SUM($J$110:$J$114)>MAX($J$110:$J$114))*AND((I111>0.34)),"V.Bo.",IF(J111=MAX($J$110:$J$114)*AND(J111=SUM($J$110:$J$114))*AND(I111>=0.51),"V.Bo.","NO CUMPLE"))) -> V.Bo.
H112: =VLOOKUP(D94,Conformación!$A$5:$S$125,11,FALSE) -> 0 | I112: =VLOOKUP(D94,Conformación!$A$5:$S$125,13,FALSE) -> 0 | J112: =+R109 -> 0 | K112: =+IF(J112<MAX($J$110:$J$114),"",IF(J112=MAX($J$110:$J$114)*AND(SUM($J$110:$J$114)>MAX($J$110:$J$114))*AND((I112>0.34)),"V.Bo.",IF(J112=MAX($J$110:$J$114)*AND(J112=SUM($J$110:$J$114))*AND(I112>=0.51),"V.Bo.","NO CUMPLE"))) -> V.Bo. | M112: =SUM(M103:M111) -> 0
H113: =VLOOKUP(D94,Conformación!$A$5:$S$125,14,FALSE) -> 0 | I113: =VLOOKUP(D94,Conformación!$A$5:$S$125,16,FALSE) -> 0 | J113: =+S109 -> 0 | K113: =+IF(J113<MAX($J$110:$J$114),"",IF(J113=MAX($J$110:$J$114)*AND(SUM($J$110:$J$114)>MAX($J$110:$J$114))*AND((I113>0.34)),"V.Bo.",IF(J113=MAX($J$110:$J$114)*AND(J113=SUM($J$110:$J$114))*AND(I113>=0.51),"V.Bo.","NO CUMPLE"))) -> V.Bo.
H114: =VLOOKUP(D94,Conformación!$A$5:$S$125,17,FALSE) -> 0 | I114: =VLOOKUP(D94,Conformación!$A$5:$S$125,19,FALSE) -> 0 | J114: =+T109 -> 0 | K114: =+IF(J114<MAX($J$110:$J$114),"",IF(J114=MAX($J$110:$J$114)*AND(SUM($J$110:$J$114)>MAX($J$110:$J$114))*AND((I114>0.34)),"V.Bo.",IF(J114=MAX($J$110:$J$114)*AND(J114=SUM($J$110:$J$114))*AND(I114>=0.51),"V.Bo.","NO CUMPLE"))) -> V.Bo.
K115: =+COUNTIF(K110:K114,"NO CUMPLE") -> 0
C117: Oferente | D117: 5 | G117: =VLOOKUP(D117,Conformación!$A$5:$S$125,2,FALSE) -> 0
G118: =VLOOKUP(D117,Conformación!$A$5:$S$125,4,FALSE) -> 0
...

Sheet Ofertas economicas
A1: EVALUACIONES CEE-001-2021
A3: No. | B3: Oferente | C3: Tipo de exámen | D3: Valor por cada exámen | E3: Sumatoria examenes | F3: Jurídico | G3: Técnico | H3: Observaciones | I3: Conclusión
A4: 1 | B4: =Conformación!B5 -> BPENNOVA CONSULTORÍA S.A.S. | C4: EXAMEN CLÍNICO GENERAL: INCLUYE EVALUACIÓN CARDIOVASCULAR, RESPIRATORIA Y NEUROLÓGICAS BÁSICAS, ÉNFASIS OSTEO MUSCULAR, ÉNFASIS EN PIEL Y FANERAS, GLUCOSA, PERFIL LIPIDICO (CT, TG, HDLC, LDLC), AUDIOMETRÍA Y OPTOMETRÍA | D4: 97000 | E4: =SUM(D4:D6) -> 254000 | F4: REQUERIDO
C5: ='Oferta Económica'!$D$4 -> EXAMEN CLÍNICO GENERAL CON ÉNFASIS OSTEO MUSCULAR, AUDIOMETRÍA Y OPTOMETRÍA | D5: 56000
C6: ='Oferta Económica'!$D$5 -> EXAMEN CLÍNICO GENERAL: INCLUYE EVALUACIÓN CARDIOVASCULAR, RESPIRATORIA Y NEUROLÓGICAS BÁSICAS, ÉNFASIS OSTEO MUSCULAR, ÉNFASIS EN PIEL Y FANERAS, AUDIOMETRÍA, OPTOMETRÍA, PERFIL LIPÍCO CT, CLDL, CHDL, TG Y GLUCEMIA | D6: 101000
A7: 2 | B7: =Conformación!B6 -> 0 | C7: EXAMEN CLÍNICO GENERAL: INCLUYE EVALUACIÓN CARDIOVASCULAR, RESPIRATORIA Y NEUROLÓGICAS BÁSICAS, ÉNFASIS OSTEO MUSCULAR, ÉNFASIS EN PIEL Y FANERAS, GLUCOSA, PERFIL LIPIDICO (CT, TG, HDLC, LDLC), AUDIOMETRÍA Y OPTOMETRÍA | D7: 98000 | E7: =SUM(D7:D9) -> 254000 | F7: REQUERIDO
C8: ='Oferta Económica'!$D$4 -> EXAMEN CLÍNICO GENERAL CON ÉNFASIS OSTEO MUSCULAR, AUDIOMETRÍA Y OPTOMETRÍA | D8: 58000
C9: ='Oferta Económica'!$D$5 -> EXAMEN CLÍNICO GENERAL: INCLUYE EVALUACIÓN CARDIOVASCULAR, RESPIRATORIA Y NEUROLÓGICAS BÁSICAS, ÉNFASIS OSTEO MUSCULAR, ÉNFASIS EN PIEL Y FANERAS, AUDIOMETRÍA, OPTOMETRÍA, PERFIL LIPÍCO CT, CLDL, CHDL, TG Y GLUCEMIA | D9: 98000
A10: 3 | B10: =Conformación!B7 -> 0 | C10: EXAMEN CLÍNICO GENERAL: INCLUYE EVALUACIÓN CARDIOVASCULAR, RESPIRATORIA Y NEUROLÓGICAS BÁSICAS, ÉNFASIS OSTEO MUSCULAR, ÉNFASIS EN PIEL Y FANERAS, GLUCOSA, PERFIL LIPIDICO (CT, TG, HDLC, LDLC), AUDIOMETRÍA Y OPTOMETRÍA | D10: 90000 | E10: =SUM(D10:D12) -> 240000 | F10: REQUERIDO
C11: ='Oferta Económica'!$D$4 -> EXAMEN CLÍNICO GENERAL CON ÉNFASIS OSTEO MUSCULAR, AUDIOMETRÍA Y OPTOMETRÍA | D11: 55000
C12: ='Oferta Económica'!$D$5 -> EXAMEN CLÍNICO GENERAL: INCLUYE EVALUACIÓN CARDIOVASCULAR, RESPIRATORIA Y NEUROLÓGICAS BÁSICAS, ÉNFASIS OSTEO MUSCULAR, ÉNFASIS EN PIEL Y FANERAS, AUDIOMETRÍA, OPTOMETRÍA, PERFIL LIPÍCO CT, CLDL, CHDL, TG Y GLUCEMIA | D12: 95000
A13: 4 | B13: =Conformación!B8 -> 0 | C13: EXAMEN CLÍNICO GENERAL: INCLUYE EVALUACIÓN CARDIOVASCULAR, RESPIRATORIA Y NEUROLÓGICAS BÁSICAS, ÉNFASIS OSTEO MUSCULAR, ÉNFASIS EN PIEL Y FANERAS, GLUCOSA, PERFIL LIPIDICO (CT, TG, HDLC, LDLC), AUDIOMETRÍA Y OPTOMETRÍA | D13: 83198 | E13: =SUM(D13:D15) -> 204282 | F13: REQUERIDO | H13: No entrego información jurídica, tampoco entregó información técnica.
C14: ='Oferta Económica'!$D$4 -> EXAMEN CLÍNICO GENERAL CON ÉNFASIS OSTEO MUSCULAR, AUDIOMETRÍA Y OPTOMETRÍA | D14: 36886
C15: ='Oferta Económica'!$D$5 -> EXAMEN CLÍNICO GENERAL: INCLUYE EVALUACIÓN CARDIOVASCULAR, RESPIRATORIA Y NEUROLÓGICAS BÁSICAS, ÉNFASIS OSTEO MUSCULAR, ÉNFASIS EN PIEL Y FANERAS, AUDIOMETRÍA, OPTOMETRÍA, PERFIL LIPÍCO CT, CLDL, CHDL, TG Y GLUCEMIA | D15: 84198
A16: 5 | B16: =Conformación!B9 -> 0 | C16: EXAMEN CLÍNICO GENERAL: INCLUYE EVALUACIÓN CARDIOVASCULAR, RESPIRATORIA Y NEUROLÓGICAS BÁSICAS, ÉNFASIS OSTEO MUSCULAR, ÉNFASIS EN PIEL Y FANERAS, GLUCOSA, PERFIL LIPIDICO (CT, TG, HDLC, LDLC), AUDIOMETRÍA Y OPTOMETRÍA | D16: 138333 | E16: =SUM(D16:D18) -> 347994 | F16: REQUERIDO
C17: ='Oferta Económica'!$D$4 -> EXAMEN CLÍNICO GENERAL CON ÉNFASIS OSTEO MUSCULAR, AUDIOMETRÍA Y OPTOMETRÍA | D17: 70133
C18: ='Oferta Económica'!$D$5 -> EXAMEN CLÍNICO GENERAL: INCLUYE EVALUACIÓN CARDIOVASCULAR, RESPIRATORIA Y NEUROLÓGICAS BÁSICAS, ÉNFASIS OSTEO MUSCULAR, ÉNFASIS EN PIEL Y FANERAS, AUDIOMETRÍA, OPTOMETRÍA, PERFIL LIPÍCO CT, CLDL, CHDL, TG Y GLUCEMIA | D18: 139528

Sheet Oferta Económica
A1: EL OFERENTE DEBERÁ OFERTAR LOS ÍTEMS SEÑALADOS
A2: Nivel | B2: Ref. Artículo | C2: Código UNSPSC | D2: Descripción | E2: Cantidad | F2: Unidad | G2: Precio unitario estimado | H2: Precio unitario | I2: Precio total estimado | J2: Incluya el precio como lo indique la Entidad Estatal | K2: Alternativo a: (indicar cód. Id). | L2: El bien o servicio hace parte del precio total? (indicar Sí / No) | M2: VERIFICACIÓN COTIZACIÓN ITEMS | N2: VALOR UNITARIO NO SUPERE 100% POE
A3: 0 | B3: 1 | C3: N/A | D3: EXAMEN CLÍNICO GENERAL: INCLUYE EVALUACIÓN CARDIOVASCULAR, RESPIRATORIA Y NEUROLÓGICAS BÁSICAS, ÉNFASIS OSTEO MUSCULAR, ÉNFASIS EN PIEL Y FANERAS, GLUCOSA, PERFIL LIPIDICO (CT, TG, HDLC, LDLC), AUDIOMETRÍA Y OPTOMETRÍA | E3: 1,00 | F3: UN | G3: 138333 | H3: =G3 -> 138333 | I3: 12000000 | J3: 12000000 | M3: =+IF(J3<=0,"REVISAR","OK") -> OK | N3: =+IF(OR(H3>(G3*1.1),H3<(G3*0.9)),"NO CUMPLE","CUMPLE") -> CUMPLE
A4: 0 | B4: 2 | C4: N/A | D4: EXAMEN CLÍNICO GENERAL CON ÉNFASIS OSTEO MUSCULAR, AUDIOMETRÍA Y OPTOMETRÍA | E4: 1 | F4: UN | G4: 70133 | H4: =G4 -> 70133
A5: 0 | B5: 3 | C5: N/A | D5: EXAMEN CLÍNICO GENERAL: INCLUYE EVALUACIÓN CARDIOVASCULAR, RESPIRATORIA Y NEUROLÓGICAS BÁSICAS, ÉNFASIS OSTEO MUSCULAR, ÉNFASIS EN PIEL Y FANERAS, AUDIOMETRÍA, OPTOMETRÍA, PERFIL LIPÍCO CT, CLDL, CHDL, TG Y GLUCEMIA | E5: 1 | F5: UN | G5: 139528 | H5: =G5 -> 139528
H6: TOTAL PRESUPUESTO OFICIAL ESTIMADO | I6: =SUM(I3:I3) -> 12000000 | J6: =SUM(J3:J3) -> 12000000 | M6: COSTOS TOTAL OFERTA PRESENTADA
I8: VALOR TOTAL OFERTA ECONÓMICA | J8: =J6 -> 12000000 | M8: VERIFICADO

Sheet Resumen Evaluación
A1: =Conformación!A1 -> EMPRESA NACIONAL PROMOTORA DEL DESARROLLO TERRITORIAL – ENTerritorio OBJETO: “ACTUALIZACIÓN, CONFIGURACIÓN, SOPORTE, ACOMPAÑAMIENTO TÉCNICO Y TRANSFERENCIA DE CONOCIMIENTO, PARA EL LICENCIAMIENTO FUJITSU DE ENTERRITORIO” MODALIDAD DE CONTRATACIÓN: CONTRATACIÓN EXPEDITA ESPECIAL CEE-005-2021 | G1: =Conformación!A1 -> EMPRESA NACIONAL PROMOTORA DEL DESARROLLO TERRITORIAL – ENTerritorio OBJETO: “ACTUALIZACIÓN, CONFIGURACIÓN, SOPORTE, ACOMPAÑAMIENTO TÉCNICO Y TRANSFERENCIA DE CONOCIMIENTO, PARA EL LICENCIAMIENTO FUJITSU DE ENTERRITORIO” MODALIDAD DE CONTRATACIÓN: CONTRATACIÓN EXPEDITA ESPECIAL CEE-005-2021 | M1: =Conformación!A1 -> EMPRESA NACIONAL PROMOTORA DEL DESARROLLO TERRITORIAL – ENTerritorio OBJETO: “ACTUALIZACIÓN, CONFIGURACIÓN, SOPORTE, ACOMPAÑAMIENTO TÉCNICO Y TRANSFERENCIA DE CONOCIMIENTO, PARA EL LICENCIAMIENTO FUJITSU DE ENTERRITORIO” MODALIDAD DE CONTRATACIÓN: CONTRATACIÓN EXPEDITA ESPECIAL CEE-005-2021 | S1: =Conformación!A1 -> EMPRESA NACIONAL PROMOTORA DEL DESARROLLO TERRITORIAL – ENTerritorio OBJETO: “ACTUALIZACIÓN, CONFIGURACIÓN, SOPORTE, ACOMPAÑAMIENTO TÉCNICO Y TRANSFERENCIA DE CONOCIMIENTO, PARA EL LICENCIAMIENTO FUJITSU DE ENTERRITORIO” MODALIDAD DE CONTRATACIÓN: CONTRATACIÓN EXPEDITA ESPECIAL CEE-005-2021 | Y1: =Conformación!A1 -> EMPRESA NACIONAL PROMOTORA DEL DESARROLLO TERRITORIAL – ENTerritorio OBJETO: “ACTUALIZACIÓN, CONFIGURACIÓN, SOPORTE, ACOMPAÑAMIENTO TÉCNICO Y TRANSFERENCIA DE CONOCIMIENTO, PARA EL LICENCIAMIENTO FUJITSU DE ENTERRITORIO” MODALIDAD DE CONTRATACIÓN: CONTRATACIÓN EXPEDITA ESPECIAL CEE-005-2021 | AE1: =Conformación!A1 -> EMPRESA NACIONAL PROMOTORA DEL DESARROLLO TERRITORIAL – ENTerritorio OBJETO: “ACTUALIZACIÓN, CONFIGURACIÓN, SOPORTE, ACOMPAÑAMIENTO TÉCNICO Y TRANSFERENCIA DE CONOCIMIENTO, PARA EL LICENCIAMIENTO FUJITSU DE ENTERRITORIO” MODALIDAD DE CONTRATACIÓN: CONTRATACIÓN EXPEDITA ESPECIAL CEE-005-2021
B2: OFERENTE : | C2: 1 | D2: =VLOOKUP(C2,Conformación!$A$5:$S$125,2,FALSE) -> BPENNOVA CONSULTORÍA S.A.S. | H2: OFERENTE : | I2: 2 | J2: =VLOOKUP(I2,Conformación!$A$5:$S$125,2,FALSE) -> 0 | N2: OFERENTE : | O2: 3 | P2: =VLOOKUP(O2,Conformación!$A$5:$S$125,2,FALSE) -> 0 | T2: OFERENTE : | U2: 4 | V2: =VLOOKUP(U2,Conformación!$A$5:$S$125,2,FALSE) -> 0 | Z2: OFERENTE : | AA2: 5 | AB2: =VLOOKUP(AA2,Conformación!$A$5:$S$125,2,FALSE) -> 0 | AF2: OFERENTE : | AG2: 6 | AH2: =VLOOKUP(AG2,Conformación!$A$5:$S$125,2,FALSE) -> 0
C3: =VLOOKUP(C2,Conformación!$A$5:$S$125,4,FALSE) -> (BPENNOVA CONSULTORÍA S.A.S. 100% - 0% - 0%- 0%- 0%) | I3: =VLOOKUP(I2,Conformación!$A$5:$S$125,4,FALSE) -> 0 | O3: =VLOOKUP(O2,Conformación!$A$5:$S$125,4,FALSE) -> 0 | U3: =VLOOKUP(U2,Conformación!$A$5:$S$125,4,FALSE) -> 0 | AA3: =VLOOKUP(AA2,Conformación!$A$5:$S$125,4,FALSE) -> 0 | AG3: =VLOOKUP(AG2,Conformación!$A$5:$S$125,4,FALSE) -> 0
A6: DOCUMENTO | C6: SI | D6: NO | E6: Folio/fecha/valor/M2/SMMLV | F6: OBSERVACIONES | G6: DOCUMENTO | I6: SI | J6: NO | K6: Folio/fecha/valor/M2/SMMLV | L6: OBSERVACIONES | M6: DOCUMENTO | O6: SI | P6: NO | Q6: Folio/fecha/valor/M2/SMMLV | R6: OBSERVACIONES | S6: DOCUMENTO | U6: SI | V6: NO | W6: Folio/fecha/valor/M2/SMMLV | X6: OBSERVACIONES | Y6: DOCUMENTO | AA6: SI | AB6: NO | AC6: Folio/fecha/valor/M2/SMMLV | AD6: OBSERVACIONES | AE6: DOCUMENTO | AG6: SI | AH6: NO | AI6: Folio/fecha/valor/M2/SMMLV | AJ6: OBSERVACIONES
A7: REQUISITOS MÍNIMOS EXIGIDOS | C7: X | G7: REQUISITOS MÍNIMOS EXIGIDOS | I7: X | M7: REQUISITOS MÍNIMOS EXIGIDOS | O7: X | S7: REQUISITOS MÍNIMOS EXIGIDOS | V7: X | X7: NO ENTREGA INFORMACIÓN RELACIONADA A EXPERIENCIA | Y7: REQUISITOS MÍNIMOS EXIGIDOS | AA7: X | AE7: REQUISITOS MÍNIMOS EXIGIDOS | AG7: X
A8: 5,1,1 | B8: ASPECTOS JURIDICOS | G8: 5,1,1 | H8: ASPECTOS JURIDICOS | M8: 5,1,1 | N8: ASPECTOS JURIDICOS | S8: 5,1,1 | T8: ASPECTOS JURIDICOS | Y8: 5,1,1 | Z8: ASPECTOS JURIDICOS | AE8: 5,1,1 | AF8: ASPECTOS JURIDICOS
A9: 5.1.1.1 | B9: Carta de Presentación de la Oferta | C9: X | E9: 2 A 4 | F9: =IF(C9="X","CUMPLE","NO CUMPLE") -> CUMPLE | G9: 5.1.1.1 | H9: Carta de Presentación de la Oferta | I9: X | K9: 1 A 3 | L9: =IF(I9="X","CUMPLE","NO CUMPLE") -> CUMPLE | M9: 5.1.1.1 | N9: Carta de Presentación de la Oferta | R9: =IF(O9="X","CUMPLE","NO CUMPLE") -> NO CUMPLE | S9: 5.1.1.1 | T9: Carta de Presentación de la Oferta | X9: =IF(U9="X","CUMPLE","NO CUMPLE") -> NO CUMPLE | Y9: 5.1.1.1 | Z9: Carta de Presentación de la Oferta | AD9: =IF(AA9="X","CUMPLE","NO CUMPLE") -> NO CUMPLE | AE9: 5.1.1.1 | AF9: Carta de Presentación de la Oferta | AJ9: =IF(AG9="X","CUMPLE","NO CUMPLE") -> NO CUMPLE
A10: 5.1.1.2 | B10: Acreditación de la Existencia y Representación Legal | C10: X | E10: 10 A 21 | F10: =IF(C10="X","CUMPLE","NO CUMPLE") -> CUMPLE | G10: 5.1.1.2 | H10: Acreditación de la Existencia y Representación Legal | I10: X | K10: 8 A 12 | L10: =IF(I10="X","CUMPLE","NO CUMPLE") -> CUMPLE | M10: 5.1.1.2 | N10: Acreditación de la Existencia y Representación Legal | R10: =IF(O10="X","CUMPLE","NO CUMPLE") -> NO CUMPLE | S10: 5.1.1.2 | T10: Acreditación de la Existencia y Representación Legal | X10: =IF(U10="X","CUMPLE","NO CUMPLE") -> NO CUMPLE | Y10: 5.1.1.2 | Z10: Acreditación de la Existencia y Representación Legal | AD10: =IF(AA10="X","CUMPLE","NO CUMPLE") -> NO CUMPLE | AE10: 5.1.1.2 | AF10: Acreditación de la Existencia y Representación Legal | AJ10: =IF(AG10="X","CUMPLE","NO CUMPLE") -> NO CUMPLE
A11: 5.1.1.3 | B11: Documento de Constitución del Consorcio o Unión Temporal | C11: X | E11: 22 A 23 | F11: =IF(C11="X","CUMPLE","NO CUMPLE") -> CUMPLE | G11: 5.1.1.3 | H11: Documento de Constitución del Consorcio o Unión Temporal | I11: X | K11: 13 A 14 | L11: =IF(I11="X","CUMPLE","NO CUMPLE") -> CUMPLE | M11: 5.1.1.3 | N11: Documento de Constitución del Consorcio o Unión Temporal | R11: =IF(O11="X","CUMPLE","NO CUMPLE") -> NO CUMPLE | S11: 5.1.1.3 | T11: Documento de Constitución del Consorcio o Unión Temporal | X11: =IF(U11="X","CUMPLE","NO CUMPLE") -> NO CUMPLE | Y11: 5.1.1.3 | Z11: Documento de Constitución del Consorcio o Unión Temporal | AD11: =IF(AA11="X","CUMPLE","NO CUMPLE") -> NO CUMPLE | AE11: 5.1.1.3 | AF11: Documento de Constitución del Consorcio o Unión Temporal | AJ11: =IF(AG11="X","CUMPLE","NO CUMPLE") -> NO CUMPLE
A12: 5.1.1.4 | B12: RUP Registro Único del Proponente (30 Días) | C12: X | E12: 24 A 82 | F12: =IF(C12="X","CUMPLE","NO CUMPLE") -> CUMPLE | G12: 5.1.1.4 | H12: RUP Registro Único del Proponente (30 Días) | I12: X | K12: 15 A 39 | L12: =IF(I12="X","CUMPLE","NO CUMPLE") -> CUMPLE | M12: 5.1.1.4 | N12: RUP Registro Único del Proponente (30 Días) | R12: =IF(O12="X","CUMPLE","NO CUMPLE") -> NO CUMPLE | S12: 5.1.1.4 | T12: RUP Registro Único del Proponente (30 Días) | X12: =IF(U12="X","CUMPLE","NO CUMPLE") -> NO CUMPLE | Y12: 5.1.1.4 | Z12: RUP Registro Único del Proponente (30 Días) | AD12: =IF(AA12="X","CUMPLE","NO CUMPLE") -> NO CUMPLE | AE12: 5.1.1.4 | AF12: RUP Registro Único del Proponente (30 Días) | AJ12: =IF(AG12="X","CUMPLE","NO CUMPLE") -> NO CUMPLE
A13: 5.1.1.5 | B13: Garantia de Seriedad de la oferta | C13: X | E13: 84 A 90 | F13: =IF(C13="X","CUMPLE","NO CUMPLE") -> CUMPLE | G13: 5.1.1.5 | H13: Garantia de Seriedad de la oferta | I13: X | K13: 44 A 47 | L13: =IF(I13="X","CUMPLE","NO CUMPLE") -> CUMPLE | M13: 5.1.1.5 | N13: Garantia de Seriedad de la oferta | R13: =IF(O13="X","CUMPLE","NO CUMPLE") -> NO CUMPLE | S13: 5.1.1.5 | T13: Garantia de Seriedad de la oferta | X13: =IF(U13="X","CUMPLE","NO CUMPLE") -> NO CUMPLE | Y13: 5.1.1.5 | Z13: Garantia de Seriedad de la oferta | AD13: =IF(AA13="X","CUMPLE","NO CUMPLE") -> NO CUMPLE | AE13: 5.1.1.5 | AF13: Garantia de Seriedad de la oferta | AJ13: =IF(AG13="X","CUMPLE","NO CUMPLE") -> NO CUMPLE
A14: 5.1.1.6 | B14: Certificación de Pagos al Sistema de Seguridad Social y de Aportes Parafiscales | C14: X | E14: 92 A 96 | F14: =IF(C14="X","CUMPLE","NO CUMPLE") -> CUMPLE | G14: 5.1.1.6 | H14: Certificación de Pagos al Sistema de Seguridad Social y de Aportes Parafiscales | I14: X | K14: 40 A 43 | L14: =IF(I14="X","CUMPLE","NO CUMPLE") -> CUMPLE | M14: 5.1.1.6 | N14: Certificación de Pagos al Sistema de Seguridad Social y de Aportes Parafiscales | R14: =IF(O14="X","CUMPLE","NO CUMPLE") -> NO CUMPLE | S14: 5.1.1.6 | T14: Certificación de Pagos al Sistema de Seguridad Social y de Aportes Parafiscales | X14: =IF(U14="X","CUMPLE","NO CUMPLE") -> NO CUMPLE | Y14: 5.1.1.6 | Z14: Certificación de Pagos al Sistema de Seguridad Social y de Aportes Parafiscales | AD14: =IF(AA14="X","CUMPLE","NO CUMPLE") -> NO CUMPLE | AE14: 5.1.1.6 | AF14: Certificación de Pagos al Sistema de Seguridad Social y de Aportes Parafiscales | AJ14: =IF(AG14="X","CUMPLE","NO CUMPLE") -> NO CUMPLE
A15: 5.1.1.8 | B15: Verificación de no inclusión en el boletín de responsables fiscales | C15: X | E15: 98 A 104 | F15: =IF(C15="X","CUMPLE","NO CUMPLE") -> CUMPLE | G15: 5.1.1.8 | H15: Verificación de no inclusión en el boletín de responsables fiscales | I15: X | K15: 48 A 49 | L15: =IF(I15="X","CUMPLE","NO CUMPLE") -> CUMPLE | M15: 5.1.1.8 | N15: Verificación de no inclusión en el boletín de responsables fiscales | R15: =IF(O15="X","CUMPLE","NO CUMPLE") -> NO CUMPLE | S15: 5.1.1.8 | T15: Verificación de no inclusión en el boletín de responsables fiscales | X15: =IF(U15="X","CUMPLE","NO CUMPLE") -> NO CUMPLE | Y15: 5.1.1.8 | Z15: Verificación de no inclusión en el boletín de responsables fiscales | AD15: =IF(AA15="X","CUMPLE","NO CUMPLE") -> NO CUMPLE | AE15: 5.1.1.8 | AF15: Verificación de no inclusión en el boletín de responsables fiscales | AJ15: =IF(AG15="X","CUMPLE","NO CUMPLE") -> NO CUMPLE
A16: 5.1.1.9 | B16: Verificación del sistema de información de registro de sanciones y causas de inhabilidad (SIRI) de la Procuraduría General De La Nación | C16: X | F16: =IF(C16="X","CUMPLE","NO CUMPLE") -> CUMPLE | G16: 5.1.1.9 | H16: Verificación del sistema de información de registro de sanciones y causas de inhabilidad (SIRI) de la Procuraduría General De La Nación | I16: X | L16: =IF(I16="X","CUMPLE","NO CUMPLE") -> CUMPLE | M16: 5.1.1.9 | N16: Verificación del sistema de información de registro de sanciones y causas de inhabilidad (SIRI) de la Procuraduría General De La Nación | R16: =IF(O16="X","CUMPLE","NO CUMPLE") -> NO CUMPLE | S16: 5.1.1.9 | T16: Verificación del sistema de información de registro de sanciones y causas de inhabilidad (SIRI) de la Procuraduría General De La Nación | X16: =IF(U16="X","CUMPLE","NO CUMPLE") -> NO CUMPLE | Y16: 5.1.1.9 | Z16: Verificación del sistema de información de registro de sanciones y causas de inhabilidad (SIRI) de la Procuraduría General De La Nación | AD16: =IF(AA16="X","CUMPLE","NO CUMPLE") -> NO CUMPLE | AE16: 5.1.1.9 | AF16: Verificación del sistema de información de registro de sanciones y causas de inhabilidad (SIRI) de la Procuraduría General De La Nación | AJ16: =IF(AG16="X","CUMPLE","NO CUMPLE") -> NO CUMPLE
A17: 5.1.1.10 | B17: Verificación de antecedentes judiciales del Ministerio De Defensa Nacional – Policía Nacional. | C17: X | F17: =IF(C17="X","CUMPLE","NO CUMPLE") -> CUMPLE | G17: 5.1.1.10 | H17: Verificación de antecedentes judiciales del Ministerio De Defensa Nacional – Policía Nacional. | I17: X | L17: =IF(I17="X","CUMPLE","NO CUMPLE") -> CUMPLE | M17: 5.1.1.10 | N17: Verificación de antecedentes judiciales del Ministerio De Defensa Nacional – Policía Nacional. | R17: =IF(O17="X","CUMPLE","NO CUMPLE") -> NO CUMPLE | S17: 5.1.1.10 | T17: Verificación de antecedentes judiciales del Ministerio De Defensa Nacional – Policía Nacional. | X17: =IF(U17="X","CUMPLE","NO CUMPLE") -> NO CUMPLE | Y17: 5.1.1.10 | Z17: Verificación de antecedentes judiciales del Ministerio De Defensa Nacional – Policía Nacional. | AD17: =IF(AA17="X","CUMPLE","NO CUMPLE") -> NO CUMPLE | AE17: 5.1.1.10 | AF17: Verificación de antecedentes judiciales del Ministerio De Defensa Nacional – Policía Nacional. | AJ17: =IF(AG17="X","CUMPLE","NO CUMPLE") -> NO CUMPLE
A18: DOCUMENTACIÓN ACLARATORIA ENTREGADA POR LOS OFERENTES DE LOS ASPECTOS JURÍDICOS | G18: DOCUMENTACIÓN ACLARATORIA ENTREGADA POR LOS OFERENTES DE LOS ASPECTOS JURÍDICOS | M18: DOCUMENTACIÓN ACLARATORIA ENTREGADA POR LOS OFERENTES DE LOS ASPECTOS JURÍDICOS | S18: DOCUMENTACIÓN ACLARATORIA ENTREGADA POR LOS OFERENTES DE LOS ASPECTOS JURÍDICOS | Y18: DOCUMENTACIÓN ACLARATORIA ENTREGADA POR LOS OFERENTES DE LOS ASPECTOS JURÍDICOS | AE18: DOCUMENTACIÓN ACLARATORIA ENTREGADA POR LOS OFERENTES DE LOS ASPECTOS JURÍDICOS
A19: CONCLUSIÓN EVALUACION ASPECTOS JURÍDICOS | C19: =+IF(AND(F9="CUMPLE",F10="CUMPLE",F11="CUMPLE",F12="CUMPLE",F13="CUMPLE",F14="CUMPLE",F15="CUMPLE",F16="CUMPLE",F17="CUMPLE"),"CUMPLE","NO CUMPLE") -> CUMPLE | G19: CONCLUSIÓN EVALUACION ASPECTOS JURÍDICOS | I19: =+IF(AND(L9="CUMPLE",L10="CUMPLE",L11="CUMPLE",L12="CUMPLE",L13="CUMPLE",L14="CUMPLE",L15="CUMPLE",L16="CUMPLE",L17="CUMPLE"),"CUMPLE","NO CUMPLE") -> CUMPLE | M19: CONCLUSIÓN EVALUACION ASPECTOS JURÍDICOS | O19: =+IF(AND(R9="CUMPLE",R10="CUMPLE",R11="CUMPLE",R12="CUMPLE",R13="CUMPLE",R14="CUMPLE",R15="CUMPLE",R16="CUMPLE",R17="CUMPLE"),"CUMPLE","NO CUMPLE") -> NO CUMPLE | S19: CONCLUSIÓN EVALUACION ASPECTOS JURÍDICOS | U19: =+IF(AND(X9="CUMPLE",X10="CUMPLE",X11="CUMPLE",X12="CUMPLE",X13="CUMPLE",X14="CUMPLE",X15="CUMPLE",X16="CUMPLE",X17="CUMPLE"),"CUMPLE","NO CUMPLE") -> NO CUMPLE | Y19: CONCLUSIÓN EVALUACION ASPECTOS JURÍDICOS | AA19: =+IF(AND(AD9="CUMPLE",AD10="CUMPLE",AD11="CUMPLE",AD12="CUMPLE",AD13="CUMPLE",AD14="CUMPLE",AD15="CUMPLE",AD16="CUMPLE",AD17="CUMPLE"),"CUMPLE","NO CUMPLE") -> NO CUMPLE | AE19: CONCLUSIÓN EVALUACION ASPECTOS JURÍDICOS | AG19: =+IF(AND(AJ9="CUMPLE",AJ10="CUMPLE",AJ11="CUMPLE",AJ12="CUMPLE",AJ13="CUMPLE",AJ14="CUMPLE",AJ15="CUMPLE",AJ16="CUMPLE",AJ17="CUMPLE"),"CUMPLE","NO CUMPLE") -> NO CUMPLE
A21: 5.1.2 | B21: REQUISITOS HABILITANTES FINANCIEROS | G21: 3.2.2. | H21: CAPACIDAD FINANCIERA | M21: 3.2.2. | N21: CAPACIDAD FINANCIERA | S21: 3.2.2. | T21: CAPACIDAD FINANCIERA | Y21: 3.2.2. | Z21: CAPACIDAD FINANCIERA | AE21: 3.2.2. | AF21: CAPACIDAD FINANCIERA
B22: RUP Registro Único del Proponente (30 Días) (FECHA DE CADA UNO DE LOS INTEGRANTES) | C22: X | E22: 42607 | F22: =IF(C22="X","CUMPLE","NO CUMPLE") -> CUMPLE | H22: RUP Registro Único del Proponente (30 Días) (FECHA DE CADA UNO DE LOS INTEGRANTES) | I22: X | K22: 03/08/2016 10/08/2016 | L22: =IF(I22="X","CUMPLE","NO CUMPLE") -> CUMPLE | N22: RUP Registro Único del Proponente (30 Días) (FECHA DE CADA UNO DE LOS INTEGRANTES) | R22: =IF(O22="X","CUMPLE","NO CUMPLE") -> NO CUMPLE | T22: RUP Registro Único del Proponente (30 Días) (FECHA DE CADA UNO DE LOS INTEGRANTES) | X22: =IF(U22="X","CUMPLE","NO CUMPLE") -> NO CUMPLE | Z22: RUP Registro Único del Proponente (30 Días) (FECHA DE CADA UNO DE LOS INTEGRANTES) | AD22: =IF(AA22="X","CUMPLE","NO CUMPLE") -> NO CUMPLE | AF22: RUP Registro Único del Proponente (30 Días) (FECHA DE CADA UNO DE LOS INTEGRANTES) | AJ22: =IF(AG22="X","CUMPLE","NO CUMPLE") -> NO CUMPLE
B23: CT = ≥ 50% PEE (60% PEE SIN ANTICIPO) | C23: X | E23: SI | F23: =IF(E23="SI","CUMPLE","NO CUMPLE") -> CUMPLE | H23: CT = ≥ 50% PEE (60% PEE SIN ANTICIPO) | I23: x | K23: SI | L23: =IF(K23="SI","CUMPLE","NO CUMPLE") -> CUMPLE | N23: CT = ≥ 50% PEE (60% PEE SIN ANTICIPO) | O23: X | R23: =IF(Q23="SI","CUMPLE","NO CUMPLE") -> NO CUMPLE | T23: CT = ≥ 50% PEE (60% PEE SIN ANTICIPO) | U23: X | X23: =IF(W23="SI","CUMPLE","NO CUMPLE") -> NO CUMPLE | Z23: CT = ≥ 50% PEE (60% PEE SIN ANTICIPO) | AA23: X | AD23: =IF(AC23="SI","CUMPLE","NO CUMPLE") -> NO CUMPLE | AF23: CT = ≥ 50% PEE (60% PEE SIN ANTICIPO) | AG23: X | AJ23: =IF(AI23="SI","CUMPLE","NO CUMPLE") -> NO CUMPLE
B24: LIQ = AC / PC ≥ 2.0 | C24: X | E24: SI | F24: =IF(E24="SI","CUMPLE","NO CUMPLE") -> CUMPLE | H24: LIQ = AC / PC ≥ 2.0 | I24: x | K24: SI | L24: =IF(K24="SI","CUMPLE","NO CUMPLE") -> CUMPLE | N24: LIQ = AC / PC ≥ 2.0 | O24: X | R24: =IF(Q24="SI","CUMPLE","NO CUMPLE") -> NO CUMPLE | T24: LIQ = AC / PC ≥ 2.0 | U24: X | X24: =IF(W24="SI","CUMPLE","NO CUMPLE") -> NO CUMPLE | Z24: LIQ = AC / PC ≥ 1,0 | AA24: X | AD24: =IF(AC24="SI","CUMPLE","NO CUMPLE") -> NO CUMPLE | AF24: LIQ = AC / PC ≥ 1,0 | AG24: X | AJ24: =IF(AI24="SI","CUMPLE","NO CUMPLE") -> NO CUMPLE
B25: NE = PT / AT ≤ 0.50 | C25: X | E25: SI | F25: =IF(E25="SI","CUMPLE","NO CUMPLE") -> CUMPLE | H25: NE = PT / AT ≤ 0.50 | I25: x | K25: SI | L25: =IF(K25="SI","CUMPLE","NO CUMPLE") -> CUMPLE | N25: NE = PT / AT ≤ 0.50 | O25: X | R25: =IF(Q25="SI","CUMPLE","NO CUMPLE") -> NO CUMPLE | T25: NE = PT / AT ≤ 0.50 | U25: X | X25: =IF(W25="SI","CUMPLE","NO CUMPLE") -> NO CUMPLE | Z25: NE = PT / AT ≤ 0,70 | AA25: X | AD25: =IF(AC25="SI","CUMPLE","NO CUMPLE") -> NO CUMPLE | AF25: NE = PT / AT ≤ 0,70 | AG25: X | AJ25: =IF(AI25="SI","CUMPLE","NO CUMPLE") -> NO CUMPLE
B26: RCI = UO/GI ≥ 2.0 | C26: X | E26: SI | F26: =IF(E26="SI","CUMPLE","NO CUMPLE") -> CUMPLE | H26: RCI = UO/GI ≥ 2.0 | I26: x | K26: SI | L26: =IF(K26="SI","CUMPLE","NO CUMPLE") -> CUMPLE | N26: RCI = UO/GI ≥ 2.0 | O26: X | R26: =IF(Q26="SI","CUMPLE","NO CUMPLE") -> NO CUMPLE | T26: RCI = UO/GI ≥ 2.0 | U26: X | X26: =IF(W26="SI","CUMPLE","NO CUMPLE") -> NO CUMPLE | Z26: RCI = UO/GI ≥ 2.0 | AA26: X | AD26: =IF(AC26="SI","CUMPLE","NO CUMPLE") -> NO CUMPLE | AF26: RCI = UO/GI ≥ 2.0 | AG26: X | AJ26: =IF(AI26="SI","CUMPLE","NO CUMPLE") -> NO CUMPLE
B27: RP = UO/P ≥ 8% | C27: X | E27: SI | F27: =IF(E27="SI","CUMPLE","NO CUMPLE") -> CUMPLE | H27: RP = UO/P ≥ 8% | I27: x | K27: SI | L27: =IF(K27="SI","CUMPLE","NO CUMPLE") -> CUMPLE | N27: RP = UO/P ≥ 8% | O27: X | R27: =IF(Q27="SI","CUMPLE","NO CUMPLE") -> NO CUMPLE | T27: RP = UO/P ≥ 8% | U27: X | X27: =IF(W27="SI","CUMPLE","NO CUMPLE") -> NO CUMPLE | Z27: RP = UO/P ≥ 8% | AA27: X | AD27: =IF(AC27="SI","CUMPLE","NO CUMPLE") -> NO CUMPLE | AF27: RP = UO/P ≥ 8% | AG27: X | AJ27: =IF(AI27="SI","CUMPLE","NO CUMPLE") -> NO CUMPLE
B28: RA = UO/AT ≥ 5% | C28: X | E28: SI | F28: =IF(E28="SI","CUMPLE","NO CUMPLE") -> CUMPLE | H28: RA = UO/AT ≥ 5% | I28: x | K28: SI | L28: =IF(K28="SI","CUMPLE","NO CUMPLE") -> CUMPLE | N28: RA = UO/AT ≥ 5% | O28: X | R28: =IF(Q28="SI","CUMPLE","NO CUMPLE") -> NO CUMPLE | T28: RA = UO/AT ≥ 5% | U28: X | X28: =IF(W28="SI","CUMPLE","NO CUMPLE") -> NO CUMPLE | Z28: RA = UO/AT ≥ 5% | AA28: X | AD28: =IF(AC28="SI","CUMPLE","NO CUMPLE") -> NO CUMPLE | AF28: RA = UO/AT ≥ 5% | AG28: X | AJ28: =IF(AI28="SI","CUMPLE","NO CUMPLE") -> NO CUMPLE
A29: DOCUMENTACIÓN ACLARATORIA ENTREGADA POR LOS OFERENTES DE LA CAPACIDAD FINANCIERA | C29: NO SE REQUIRIO | G29: DOCUMENTACIÓN ACLARATORIA ENTREGADA POR LOS OFERENTES DE LA CAPACIDAD FINANCIERA | M29: DOCUMENTACIÓN ACLARATORIA ENTREGADA POR LOS OFERENTES DE LA CAPACIDAD FINANCIERA | S29: DOCUMENTACIÓN ACLARATORIA ENTREGADA POR LOS OFERENTES DE LA CAPACIDAD FINANCIERA | Y29: DOCUMENTACIÓN ACLARATORIA ENTREGADA POR LOS OFERENTES DE LA CAPACIDAD FINANCIERA | AE29: DOCUMENTACIÓN ACLARATORIA ENTREGADA POR LOS OFERENTES DE LA CAPACIDAD FINANCIERA
A30: CONCLUSIÓN EVALUACION CAPACIDAD FINANCIERA | C30: =+IF(AND(F22="CUMPLE",F23="CUMPLE",F24="CUMPLE",F25="CUMPLE",F26="CUMPLE",F27="CUMPLE",F28="CUMPLE"),"CUMPLE","NO CUMPLE") -> CUMPLE | G30: CONCLUSIÓN EVALUACION CAPACIDAD FINANCIERA | I30: =+IF(AND(L22="CUMPLE",L23="CUMPLE",L24="CUMPLE",L25="CUMPLE",L26="CUMPLE",L27="CUMPLE",L28="CUMPLE"),"CUMPLE","NO CUMPLE") -> CUMPLE | M30: CONCLUSIÓN EVALUACION CAPACIDAD FINANCIERA | O30: =+IF(AND(R22="CUMPLE",R23="CUMPLE",R24="CUMPLE",R25="CUMPLE",R26="CUMPLE",R27="CUMPLE",R28="CUMPLE"),"CUMPLE","NO CUMPLE") -> NO CUMPLE | S30: CONCLUSIÓN EVALUACION CAPACIDAD FINANCIERA | U30: =+IF(AND(X22="CUMPLE",X23="CUMPLE",X24="CUMPLE",X25="CUMPLE",X26="CUMPLE",X27="CUMPLE",X28="CUMPLE"),"CUMPLE","NO CUMPLE") -> NO CUMPLE | Y30: CONCLUSIÓN EVALUACION CAPACIDAD FINANCIERA | AA30: =+IF(AND(AD22="CUMPLE",AD23="CUMPLE",AD24="CUMPLE",AD25="CUMPLE",AD26="CUMPLE",AD27="CUMPLE",AD28="CUMPLE"),"CUMPLE","NO CUMPLE") -> NO CUMPLE | AE30: CONCLUSIÓN EVALUACION CAPACIDAD FINANCIERA | AG30: =+IF(AND(AJ22="CUMPLE",AJ23="CUMPLE",AJ24="CUMPLE",AJ25="CUMPLE",AJ26="CUMPLE",AJ27="CUMPLE",AJ28="CUMPLE"),"CUMPLE","NO CUMPLE") -> NO CUMPLE
A32: 4.2 | B32: EXPERIENCIA ESPECÍFICA | G32: 4.2 | H32: EXPERIENCIA ESPECÍFICA | M32: 4.2 | N32: EXPERIENCIA ESPECÍFICA | S32: 4.2 | T32: EXPERIENCIA ESPECÍFICA | Y32: 4.2 | Z32: EXPERIENCIA ESPECÍFICA | AE32: 4.2 | AF32: EXPERIENCIA ESPECÍFICA
A34: 3.2.3.3. | B34: Capacidad de contratación (K) y capacidad residual (Kr) – Formato 06 | G34: 3.2.3.3. | H34: Capacidad de contratación (K) y capacidad residual (Kr) – Formato 06 | M34: 3.2.3.3. | N34: Capacidad de contratación (K) y capacidad residual (Kr) – Formato 06 | S34: 3.2.3.3. | T34: Capacidad de contratación (K) y capacidad residual (Kr) – Formato 06 | Y34: 3.2.3.3. | Z34: Capacidad de contratación (K) y capacidad residual (Kr) – Formato 06 | AE34: 3.2.3.3. | AF34: Capacidad de contratación (K) y capacidad residual (Kr) – Formato 06
B35: 80% del valor del PEE (Para el caso que el oferente acepte el anticipo) 100% del valor del PEE (Para el caso que el oferente prescinda del anticipo) | C35: X | F35: =IF(C35="X","CUMPLE","NO CUMPLE") -> CUMPLE | H35: 80% del valor del PEE (Para el caso que el oferente acepte el anticipo) 100% del valor del PEE (Para el caso que el oferente prescinda del anticipo) | I35: X | L35: =IF(I35="X","CUMPLE","NO CUMPLE") -> CUMPLE | N35: 80% del valor del PEE (Para el caso que el oferente acepte el anticipo) 100% del valor del PEE (Para el caso que el oferente prescinda del anticipo) | R35: =IF(O35="X","CUMPLE","NO CUMPLE") -> NO CUMPLE | T35: 80% del valor del PEE (Para el caso que el oferente acepte el anticipo) 100% del valor del PEE (Para el caso que el oferente prescinda del anticipo) | X35: =IF(U35="X","CUMPLE","NO CUMPLE") -> NO CUMPLE | Z35: 80% del valor del PEE (Para el caso que el oferente acepte el anticipo) 100% del valor del PEE (Para el caso que el oferente prescinda del anticipo) | AD35: =IF(AA35="X","CUMPLE","NO CUMPLE") -> NO CUMPLE | AF35: 80% del valor del PEE (Para el caso que el oferente acepte el anticipo) 100% del valor del PEE (Para el caso que el oferente prescinda del anticipo) | AJ35: =IF(AG35="X","CUMPLE","NO CUMPLE") -> NO CUMPLE
A36: 4.2 | B36: EXPERIENCIA ESPECÍFICA DEL OFERENTE | G36: 4.2 | H36: EXPERIENCIA ESPECÍFICA DEL OFERENTE | M36: 4.2 | N36: EXPERIENCIA ESPECÍFICA DEL OFERENTE | S36: 4.2 | T36: EXPERIENCIA ESPECÍFICA DEL OFERENTE | Y36: 4.2 | Z36: EXPERIENCIA ESPECÍFICA DEL OFERENTE | AE36: 4.2 | AF36: EXPERIENCIA ESPECÍFICA DEL OFERENTE
B37: =+'Exp. oferente'!B6 -> * Suministro o instalación o configuración o renovación de licenciamiento FUJITSU. * Parametrizaciones entre documentos Excel y los esquemas de reporte de la Superintendencia Financiera de Colombia usando software de FUJITSU. * Construcción de taxonomías XBRL donde se haya elaborado extensiones de la taxonomía IFRS y la construcción de link bases de presentación, definición, cálculo y etiquetas usando software de FUJITSU. * Desarrollo de fórmulas XBRL usando software de FUJITSU. | F37: =+IF(AND(C38="X",C39="X",C40="X",C41="X",C42="X"),"CUMPLE","NO CUMPLE") -> NO CUMPLE | H37: =+'Exp. oferente'!B6 -> * Suministro o instalación o configuración o renovación de licenciamiento FUJITSU. * Parametrizaciones entre documentos Excel y los esquemas de reporte de la Superintendencia Financiera de Colombia usando software de FUJITSU. * Construcción de taxonomías XBRL donde se haya elaborado extensiones de la taxonomía IFRS y la construcción de link bases de presentación, definición, cálculo y etiquetas usando software de FUJITSU. * Desarrollo de fórmulas XBRL usando software de FUJITSU. | L37: =+IF(AND(I38="X",I39="X",I40="X",I41="X",I42="X"),"CUMPLE","NO CUMPLE") -> NO CUMPLE | N37: =+'Exp. oferente'!B6 -> * Suministro o instalación o configuración o renovación de licenciamiento FUJITSU. * Parametrizaciones entre documentos Excel y los esquemas de reporte de la Superintendencia Financiera de Colombia usando software de FUJITSU. * Construcción de taxonomías XBRL donde se haya elaborado extensiones de la taxonomía IFRS y la construcción de link bases de presentación, definición, cálculo y etiquetas usando software de FUJITSU. * Desarrollo de fórmulas XBRL usando software de FUJITSU. | R37: =+IF(AND(O38="X",O39="X",O40="X",O41="X",O42="X"),"CUMPLE","NO CUMPLE") -> NO CUMPLE | T37: =+'Exp. oferente'!B6 -> * Suministro o instalación o configuración o renovación de licenciamiento FUJITSU. * Parametrizaciones entre documentos Excel y los esquemas de reporte de la Superintendencia Financiera de Colombia usando software de FUJITSU. * Construcción de taxonomías XBRL donde se haya elaborado extensiones de la taxonomía IFRS y la construcción de link bases de presentación, definición, cálculo y etiquetas usando software de FUJITSU. * Desarrollo de fórmulas XBRL usando software de FUJITSU. | U37: X | X37: =+IF(AND(U38="X",U39="X",U40="X",U41="X",U42="X"),"CUMPLE","NO CUMPLE") -> CUMPLE | Z37: =+'Exp. oferente'!B6 -> * Suministro o instalación o configuración o renovación de licenciamiento FUJITSU. * Parametrizaciones entre documentos Excel y los esquemas de reporte de la Superintendencia Financiera de Colombia usando software de FUJITSU. * Construcción de taxonomías XBRL donde se haya elaborado extensiones de la taxonomía IFRS y la construcción de link bases de presentación, definición, cálculo y etiquetas usando software de FUJITSU. * Desarrollo de fórmulas XBRL usando software de FUJITSU. | AD37: =+IF(AND(AA38="X",AA39="X",AA40="X",AA41="X",AA42="X"),"CUMPLE","NO CUMPLE") -> CUMPLE | AF37: =+'Exp. oferente'!B6 -> * Suministro o instalación o configuración o renovación de licenciamiento FUJITSU. * Parametrizaciones entre documentos Excel y los esquemas de reporte de la Superintendencia Financiera de Colombia usando software de FUJITSU. * Construcción de taxonomías XBRL donde se haya elaborado extensiones de la taxonomía IFRS y la construcción de link bases de presentación, definición, cálculo y etiquetas usando software de FUJITSU. * Desarrollo de fórmulas XBRL usando software de FUJITSU. | AJ37: =+IF(AND(AG38="X",AG39="X",AG40="X",AG41="X",AG42="X"),"CUMPLE","NO CUMPLE") -> CUMPLE
B38: =+'Exp. oferente'!G23 -> * Venta de derechos de actualizaciones y prestación de soporte técnico en software Fujitsu Interstage XWand Toolkit. * Generación de Taxonomía SIC-XBRL y linkbases como extensión a la Taxonomía IFRS XBRL. * Generación de reglas de negocio mediante Especificación Formulas XBRL 1.0. | C38: X | E38: =+CONCATENATE('Exp. oferente'!I23,CHAR(10),TEXT('Exp. oferente'!H23,"DD"),"/",TEXT('Exp. oferente'!H23,"MMMM"),"/",TEXT('Exp. oferente'!H23,"YYYY"), CHAR(10),DOLLAR('Exp. oferente'!J23)) -> 25/julio/2020 $ 20.869.590,76 | H38: ='Exp. oferente'!G49 -> 0 | K38: =+CONCATENATE('Exp. oferente'!I49,CHAR(10),TEXT('Exp. oferente'!H49,"DD"),"/",TEXT('Exp. oferente'!H49,"MMMM"),"/",TEXT('Exp. oferente'!H49,"YYYY"), CHAR(10),DOLLAR('Exp. oferente'!J49)) -> 00/enero/1900 $ 0,00 | N38: =+'Exp. oferente'!G74 -> 0 | O38: x | Q38: =+CONCATENATE('Exp. oferente'!I74,CHAR(10),TEXT('Exp. oferente'!H74,"DD"),"/",TEXT('Exp. oferente'!H74,"MMMM"),"/",TEXT('Exp. oferente'!H74,"YYYY"), CHAR(10),DOLLAR('Exp. oferente'!J74)) -> 00/enero/1900 $ 0,00 | T38: =+'Exp. oferente'!G99 -> 0 | U38: X | W38: =+CONCATENATE('Exp. oferente'!I99,CHAR(10),TEXT('Exp. oferente'!H99,"DD"),"/",TEXT('Exp. oferente'!H99,"MMMM"),"/",TEXT('Exp. oferente'!H99,"YYYY"), CHAR(10),DOLLAR('Exp. oferente'!J99)) -> 00/enero/1900 $ 0,00 | Z38: =+'Exp. oferente'!G122 -> 0 | AA38: x | AC38: =+CONCATENATE('Exp. oferente'!I122,CHAR(10),TEXT('Exp. oferente'!H122,"DD"),"/",TEXT('Exp. oferente'!H122,"MMMM"),"/",TEXT('Exp. oferente'!H122,"YYYY"), CHAR(10),DOLLAR('Exp. oferente'!J122)) -> 00/enero/1900 $ 0,00 | AF38: =+'Exp. oferente'!G145 -> 0 | AG38: x | AI38: =+CONCATENATE('Exp. oferente'!O122,CHAR(10),TEXT('Exp. oferente'!H145,"DD"),"/",TEXT('Exp. oferente'!H145,"MMMM"),"/",TEXT('Exp. oferente'!H145,"YYYY"), CHAR(10),DOLLAR('Exp. oferente'!J145)) -> 00/enero/1900 $ 0,00
B39: =+'Exp. oferente'!G24 -> Soporte técnico y funcional en la generación de reportes electrónicos en formato xbrl mediante el desarrollo de parametrizaciones entre Excel y la Taxonomía XBRL de la Superintendencia Financiera a través del módulo Sheet Mapping Designer del software Fujitsu Interstage XWand Toolkit | D39: X | E39: =+CONCATENATE('Exp. oferente'!I24,CHAR(10),TEXT('Exp. oferente'!H24,"DD"),"/",TEXT('Exp. oferente'!H24,"MMMM"),"/",TEXT('Exp. oferente'!H24,"YYYY"), CHAR(10),DOLLAR('Exp. oferente'!J24)) -> 30/junio/2019 $ 24.610.365,35 | H39: ='Exp. oferente'!G50 -> 0 | I39: X | K39: =+CONCATENATE('Exp. oferente'!I50,CHAR(10),TEXT('Exp. oferente'!H50,"DD"),"/",TEXT('Exp. oferente'!H50,"MMMM"),"/",TEXT('Exp. oferente'!H50,"YYYY"), CHAR(10),DOLLAR('Exp. oferente'!J50)) -> 00/enero/1900 $ 0,00 | N39: =+'Exp. oferente'!G75 -> 0 | P39: X | Q39: =+CONCATENATE('Exp. oferente'!I75,CHAR(10),TEXT('Exp. oferente'!H75,"DD"),"/",TEXT('Exp. oferente'!H75,"MMMM"),"/",TEXT('Exp. oferente'!H75,"YYYY"), CHAR(10),DOLLAR('Exp. oferente'!J75)) -> 00/enero/1900 $ 0,00 | R39: Valor en SMMLV no coincide con valor en pesos reportados en RUP y formato de experiencia. Corregir valor en SMMLV. | T39: =+'Exp. oferente'!G100 -> 0 | U39: X | W39: =+CONCATENATE('Exp. oferente'!I100,CHAR(10),TEXT('Exp. oferente'!H100,"DD"),"/",TEXT('Exp. oferente'!H100,"MMMM"),"/",TEXT('Exp. oferente'!H100,"YYYY"), CHAR(10),DOLLAR('Exp. oferente'!J100)) -> 00/enero/1900 $ 0,00 | Z39: =+'Exp. oferente'!G123 -> 0 | AA39: x | AC39: =+CONCATENATE('Exp. oferente'!I123,CHAR(10),TEXT('Exp. oferente'!H123,"DD"),"/",TEXT('Exp. oferente'!H123,"MMMM"),"/",TEXT('Exp. oferente'!H123,"YYYY"), CHAR(10),DOLLAR('Exp. oferente'!J123)) -> 00/enero/1900 $ 0,00 | AF39: =+'Exp. oferente'!G146 -> 0 | AG39: x | AI39: =+CONCATENATE('Exp. oferente'!O123,CHAR(10),TEXT('Exp. oferente'!H146,"DD"),"/",TEXT('Exp. oferente'!H146,"MMMM"),"/",TEXT('Exp. oferente'!H146,"YYYY"), CHAR(10),DOLLAR('Exp. oferente'!J146)) -> 00/enero/1900 $ 0,00
B40: =+'Exp. oferente'!G25 -> Implementación y capacitación en los modelos de datos XBRL con base en las Normas Internacionales de Información Financiera (IFRS) y su aplicación con el software Fujitsu Interstage XWand Toolkit. | C40: X | E40: =+CONCATENATE('Exp. oferente'!I25,CHAR(10),TEXT('Exp. oferente'!H25,"DD"),"/",TEXT('Exp. oferente'!H25,"MMMM"),"/",TEXT('Exp. oferente'!H25,"YYYY"), CHAR(10),DOLLAR('Exp. oferente'!J25)) -> 18/diciembre/2015 $ 40.250.740,32 | H40: ='Exp. oferente'!G51 -> 0 | K40: =+CONCATENATE('Exp. oferente'!I51,CHAR(10),TEXT('Exp. oferente'!H51,"DD"),"/",TEXT('Exp. oferente'!H51,"MMMM"),"/",TEXT('Exp. oferente'!H51,"YYYY"), CHAR(10),DOLLAR('Exp. oferente'!J51)) -> 00/enero/1900 $ 0,00 | N40: =+'Exp. oferente'!G76 -> 0 | O40: x | Q40: =+CONCATENATE('Exp. oferente'!I76,CHAR(10),TEXT('Exp. oferente'!H76,"DD"),"/",TEXT('Exp. oferente'!H76,"MMMM"),"/",TEXT('Exp. oferente'!H76,"YYYY"), CHAR(10),DOLLAR('Exp. oferente'!J76)) -> 00/enero/1900 $ 0,00 | T40: =+'Exp. oferente'!G101 -> 0 | U40: X | W40: =+CONCATENATE('Exp. oferente'!I101,CHAR(10),TEXT('Exp. oferente'!H101,"DD"),"/",TEXT('Exp. oferente'!H101,"MMMM"),"/",TEXT('Exp. oferente'!H101,"YYYY"), CHAR(10),DOLLAR('Exp. oferente'!J101)) -> 00/enero/1900 $ 0,00 | Z40: =+'Exp. oferente'!G124 -> 0 | AA40: x | AC40: =+CONCATENATE('Exp. oferente'!I124,CHAR(10),TEXT('Exp. oferente'!H124,"DD"),"/",TEXT('Exp. oferente'!H124,"MMMM"),"/",TEXT('Exp. oferente'!H124,"YYYY"), CHAR(10),DOLLAR('Exp. oferente'!J124)) -> 00/enero/1900 $ 0,00 | AF40: =+'Exp. oferente'!G147 -> 0 | AG40: X | AI40: =+CONCATENATE('Exp. oferente'!O124,CHAR(10),TEXT('Exp. oferente'!H147,"DD"),"/",TEXT('Exp. oferente'!H147,"MMMM"),"/",TEXT('Exp. oferente'!H147,"YYYY"), CHAR(10),DOLLAR('Exp. oferente'!J147)) -> 00/enero/1900 $ 0,00
B41: =+'Exp. oferente'!G26 -> Desarrollar los servicios de consultoría para la conceptualización de los modelos de datos XBRL con base en las NIIF para la digitalización de la información financiera a través de la Plataforma EMISNET. | C41: X | E41: =+CONCATENATE('Exp. oferente'!I26,CHAR(10),TEXT('Exp. oferente'!H26,"DD"),"/",TEXT('Exp. oferente'!H26,"MMMM"),"/",TEXT('Exp. oferente'!H26,"YYYY"), CHAR(10),DOLLAR('Exp. oferente'!J26)) -> 31/mayo/2013 $ 128.865.761,10 | H41: ='Exp. oferente'!G52 -> 0 | I41: X | K41: =+CONCATENATE('Exp. oferente'!I52,CHAR(10),TEXT('Exp. oferente'!H52,"DD"),"/",TEXT('Exp. oferente'!H52,"MMMM"),"/",TEXT('Exp. oferente'!H52,"YYYY"), CHAR(10),DOLLAR('Exp. oferente'!J52)) -> 00/enero/1900 $ 0,00 | N41: =+'Exp. oferente'!G77 -> 0 | O41: x | Q41: =+CONCATENATE('Exp. oferente'!I77,CHAR(10),TEXT('Exp. oferente'!H77,"DD"),"/",TEXT('Exp. oferente'!H77,"MMMM"),"/",TEXT('Exp. oferente'!H77,"YYYY"), CHAR(10),DOLLAR('Exp. oferente'!J77)) -> 00/enero/1900 $ 0,00 | T41: =+'Exp. oferente'!G102 -> 0 | U41: X | W41: =+CONCATENATE('Exp. oferente'!I102,CHAR(10),TEXT('Exp. oferente'!H102,"DD"),"/",TEXT('Exp. oferente'!H102,"MMMM"),"/",TEXT('Exp. oferente'!H102,"YYYY"), CHAR(10),DOLLAR('Exp. oferente'!J102)) -> 00/enero/1900 $ 0,00 | Z41: =+'Exp. oferente'!G125 -> 0 | AA41: x | AC41: =+CONCATENATE('Exp. oferente'!I125,CHAR(10),TEXT('Exp. oferente'!H125,"DD"),"/",TEXT('Exp. oferente'!H125,"MMMM"),"/",TEXT('Exp. oferente'!H125,"YYYY"),CHAR(10),DOLLAR('Exp. oferente'!J125)) -> 00/enero/1900 $ 0,00 | AF41: =+'Exp. oferente'!G148 -> 0 | AG41: X | AI41: =+CONCATENATE('Exp. oferente'!O125,CHAR(10),TEXT('Exp. oferente'!H148,"DD"),"/",TEXT('Exp. oferente'!H148,"MMMM"),"/",TEXT('Exp. oferente'!H148,"YYYY"), CHAR(10),DOLLAR('Exp. oferente'!J148)) -> 00/enero/1900 $ 0,00
B42: =+'Exp. oferente'!G27 -> 0 | C42: X | E42: =+CONCATENATE('Exp. oferente'!I27,CHAR(10),TEXT('Exp. oferente'!H27,"DD"),"/",TEXT('Exp. oferente'!H27,"MMMM"),"/",TEXT('Exp. oferente'!H27,"YYYY"), CHAR(10),DOLLAR('Exp. oferente'!J27)) -> 00/enero/1900 $ 0,00 | H42: ='Exp. oferente'!G53 -> 0 | I42: X | K42: =+CONCATENATE('Exp. oferente'!I53,CHAR(10),TEXT('Exp. oferente'!H53,"DD"),"/",TEXT('Exp. oferente'!H53,"MMMM"),"/",TEXT('Exp. oferente'!H53,"YYYY"), CHAR(10),DOLLAR('Exp. oferente'!J53)) -> 00/enero/1900 $ 0,00 | N42: =+'Exp. oferente'!G78 -> 0 | O42: x | Q42: =+CONCATENATE('Exp. oferente'!I78,CHAR(10),TEXT('Exp. oferente'!H78,"DD"),"/",TEXT('Exp. oferente'!H78,"MMMM"),"/",TEXT('Exp. oferente'!H78,"YYYY"), CHAR(10),DOLLAR('Exp. oferente'!J78)) -> 00/enero/1900 $ 0,00 | T42: =+'Exp. oferente'!G103 -> 0 | U42: X | W42: =+CONCATENATE('Exp. oferente'!I103,CHAR(10),TEXT('Exp. oferente'!H103,"DD"),"/",TEXT('Exp. oferente'!H103,"MMMM"),"/",TEXT('Exp. oferente'!H103,"YYYY"), CHAR(10),DOLLAR('Exp. oferente'!J103)) -> 00/enero/1900 $ 0,00 | Z42: =+'Exp. oferente'!G126 -> 0 | AA42: x | AC42: =+CONCATENATE('Exp. oferente'!I126,CHAR(10),TEXT('Exp. oferente'!H126,"DD"),"/",TEXT('Exp. oferente'!H126,"MMMM"),"/",TEXT('Exp. oferente'!H126,"YYYY"), CHAR(10),DOLLAR('Exp. oferente'!J126)) -> 00/enero/1900 $ 0,00 | AF42: =+'Exp. oferente'!G149 -> 0 | AG42: X | AI42: =+CONCATENATE('Exp. oferente'!O126,CHAR(10),TEXT('Exp. oferente'!H149,"DD"),"/",TEXT('Exp. oferente'!H149,"MMMM"),"/",TEXT('Exp. oferente'!H149,"YYYY"), CHAR(10),DOLLAR('Exp. oferente'!J149)) -> 00/enero/1900 $ 0,00
B43: =+'Exp. oferente'!#REF! -> #REF! | F43: =+IF(AND(C44="X"),"CUMPLE","NO CUMPLE") -> CUMPLE | H43: =+'Exp. oferente'!#REF! -> #REF! | L43: =+IF(AND(I44="X"),"CUMPLE","NO CUMPLE") -> CUMPLE | N43: =+'Exp. oferente'!#REF! -> #REF! | O43: x | R43: =+IF(AND(O44="X"),"CUMPLE","NO CUMPLE") -> CUMPLE | T43: =+'Exp. oferente'!#REF! -> #REF! | U43: X | X43: =+IF(AND(U44="X"),"CUMPLE","NO CUMPLE") -> CUMPLE | Z43: =+'Exp. oferente'!#REF! -> #REF! | AA43: x | AD43: =+IF(AND(AA44="X"),"CUMPLE","NO CUMPLE") -> CUMPLE | AF43: =+'Exp. oferente'!#REF! -> #REF! | AG43: x | AJ43: =+IF(AND(AG44="X"),"CUMPLE","NO CUMPLE") -> CUMPLE
C44: X | I44: X | O44: x | U44: X | AA44: x | AG44: x
B45: =+'Exp. oferente'!#REF! -> #REF! | F45: =+IF(AND(C46="X"),"CUMPLE","NO CUMPLE") -> CUMPLE | H45: =+'Exp. oferente'!#REF! -> #REF! | L45: =+IF(AND(I46="X"),"CUMPLE","NO CUMPLE") -> CUMPLE | N45: =+'Exp. oferente'!#REF! -> #REF! | O45: x | R45: =+IF(AND(O46="X"),"CUMPLE","NO CUMPLE") -> CUMPLE | T45: =+'Exp. oferente'!#REF! -> #REF! | U45: X | X45: =+IF(AND(U46="X"),"CUMPLE","NO CUMPLE") -> CUMPLE | Z45: =+'Exp. oferente'!#REF! -> #REF! | AA45: x | AD45: =+IF(AND(AA46="X"),"CUMPLE","NO CUMPLE") -> CUMPLE | AF45: =+'Exp. oferente'!#REF! -> #REF! | AG45: x | AJ45: =+IF(AND(AG46="X"),"CUMPLE","NO CUMPLE") -> CUMPLE
C46: X | I46: X | O46: x | U46: X | AA46: x | AG46: x
A47: DOCUMENTACIÓN ACLARATORIA ENTREGADA POR LOS OFERENTES DE LA EXPERIENCIA ESPECÍFICA | G47: DOCUMENTACIÓN ACLARATORIA ENTREGADA POR LOS OFERENTES DE LA EXPERIENCIA ESPECÍFICA | M47: DOCUMENTACIÓN ACLARATORIA ENTREGADA POR LOS OFERENTES DE LA EXPERIENCIA ESPECÍFICA | S47: DOCUMENTACIÓN ACLARATORIA ENTREGADA POR LOS OFERENTES DE LA EXPERIENCIA ESPECÍFICA | Y47: DOCUMENTACIÓN ACLARATORIA ENTREGADA POR LOS OFERENTES DE LA EXPERIENCIA ESPECÍFICA | AE47: DOCUMENTACIÓN ACLARATORIA ENTREGADA POR LOS OFERENTES DE LA EXPERIENCIA ESPECÍFICA
A48: CONCLUSIÓN EVALUACION EXPERIENCIA ESPECÍFICA | C48: =+IF(AND(F37="CUMPLE",F43="CUMPLE",F45="CUMPLE"),"CUMPLE","NO CUMPLE") -> NO CUMPLE | G48: CONCLUSIÓN EVALUACION EXPERIENCIA ESPECÍFICA | I48: =+IF(AND(L37="CUMPLE",L43="CUMPLE",L45="CUMPLE"),"CUMPLE","NO CUMPLE") -> NO CUMPLE | M48: CONCLUSIÓN EVALUACION EXPERIENCIA ESPECÍFICA | O48: =+IF(AND(R37="CUMPLE",R43="CUMPLE",R45="CUMPLE"),"CUMPLE","NO CUMPLE") -> NO CUMPLE | S48: CONCLUSIÓN EVALUACION EXPERIENCIA ESPECÍFICA | U48: =+IF(AND(X37="CUMPLE",X43="CUMPLE",X45="CUMPLE"),"CUMPLE","NO CUMPLE") -> CUMPLE | Y48: CONCLUSIÓN EVALUACION EXPERIENCIA ESPECÍFICA | AA48: =+IF(AND(AD37="CUMPLE",AD43="CUMPLE",AD45="CUMPLE"),"CUMPLE","NO CUMPLE") -> CUMPLE | AE48: CONCLUSIÓN EVALUACION EXPERIENCIA ESPECÍFICA | AG48: =+IF(AND(AJ37="CUMPLE",AJ43="CUMPLE",AJ45="CUMPLE"),"CUMPLE","NO CUMPLE") -> CUMPLE
A49: CONCLUSIÓN DEL OFERENTE | C49: =+IF(AND(C19="CUMPLE",C30="CUMPLE",C48="CUMPLE"),"CUMPLE","NO CUMPLE") -> NO CUMPLE | G49: CONCLUSIÓN DEL OFERENTE | I49: =+IF(AND(L19="CUMPLE",L30="CUMPLE",L48="CUMPLE"),"CUMPLE","NO CUMPLE") -> NO CUMPLE | M49: CONCLUSIÓN DEL OFERENTE | O49: =+IF(AND(R19="CUMPLE",R30="CUMPLE",R48="CUMPLE"),"CUMPLE","NO CUMPLE") -> NO CUMPLE | S49: CONCLUSIÓN DEL OFERENTE | U49: =+IF(AND(X19="CUMPLE",X30="CUMPLE",X48="CUMPLE"),"CUMPLE","NO CUMPLE") -> NO CUMPLE | Y49: CONCLUSIÓN DEL OFERENTE | AA49: =+IF(AND(AD19="CUMPLE",AD30="CUMPLE",AD48="CUMPLE"),"CUMPLE","NO CUMPLE") -> NO CUMPLE
A51: CAUSALES DE RECHAZO (SI APLICA) | G51: CAUSALES DE RECHAZO (SI APLICA) | M51: CAUSALES DE RECHAZO (SI APLICA) | S51: CAUSALES DE RECHAZO (SI APLICA) | Y51: CAUSALES DE RECHAZO (SI APLICA)
A52: OBSERVACIONES ADICIONALES | G52: OBSERVACIONES ADICIONALES | M52: OBSERVACIONES ADICIONALES | S52: OBSERVACIONES ADICIONALES | Y52: OBSERVACIONES ADICIONALES
A53: CONCLUSIÓN FINAL DE LA EVALUACIÓN DEL OFERENTE | C53: NO CUMPLE | G53: CONCLUSIÓN FINAL DE LA EVALUACIÓN DEL OFERENTE | I53: NO CUMPLE | M53: CONCLUSIÓN FINAL DE LA EVALUACIÓN DEL OFERENTE | O53: NO CUMPLE | S53: CONCLUSIÓN FINAL DE LA EVALUACIÓN DEL OFERENTE | U53: NO CUMPLE | Y53: CONCLUSIÓN FINAL DE LA EVALUACIÓN DEL OFERENTE | AA53: NO CUMPLE
A586: NO CUMPLE | G586: NO CUMPLE | M586: NO CUMPLE | S586: NO CUMPLE | Y586: NO CUMPLE
A587: CUMPLE | G587: CUMPLE | M587: CUMPLE | S587: CUMPLE | Y587: CUMPLE
A588: PENDIENTE | G588: PENDIENTE | M588: PENDIENTE | S588: PENDIENTE | Y588: PENDIENTE
A589: NO HABILITADO | G589: NO HABILITADO | M589: NO HABILITADO | S589: NO HABILITADO | Y589: NO HABILITADO
A590: HABILITADO | G590: HABILITADO | M590: HABILITADO | S590: HABILITADO | Y590: HABILITADO
A591: RECHAZADO | G591: RECHAZADO | M591: RECHAZADO | S591: RECHAZADO | Y591: RECHAZADO
A592: PENDIENTE | G592: PENDIENTE | M592: PENDIENTE | S592: PENDIENTE | Y592: PENDIENTE

Sheet Exp. profesionales
A1: =+#REF! -> #REF! | Q1: 1957 | R1: 155.4
Q2: 1958 | R2: 155.4
Q3: 1959 | R3: 155.4
A4: REQUISITOS MINIMOS - PERSONAL PRINCIPAL REQUERIDO - CUMPLE/ NO CUMPLE | Q4: 1960 | R4: 198
Q5: 1961
A6: CARGO A DESEMPEÑAR | B6: FORMACIÓN ACADÉMICA | C6: TIEMPO MÍNIMO REQUERIDO DE HABER TERMINADO Y APROBADO ESTUDIOS (EN AÑOS) | E6: NUMERO DE PROYECTOS A ACREDITAR | F6: EXPERIENCIA ESPECÍFICA | I6: REQUERIMIENTO PARTICULAR | K6: REQUISITO MINIMO EN SMMLV | Q6: 1962 | R6: 300
A7: Residente de Obra | B7: Arquitecto Diseñador o Ingeniero Civil | C7: 3 | D7: 41805 | E7: 2 | F7: Residente de obra para la construcción y/o ampliación de parques y/o construcción y/o ampliación de canchas en pasto sintético y/o natural y/o escenarios deportivos | I7: El valor de uno de los proyectos aportados deberá ser mayor o igual al 100% del valor de presupuesto indicado en el numeral 4.2 etapa 2. Ejecución de la obra sin incluir costos de fiducia y prima de manejo de anticipo expresado en SMMLV | K7: 1252.89 | Q7: 1963 | R7: 420
Q8: 1964 | R8: 420
Q9: 1965 | R9: 420
Q10: 1966 | R10: 420
Q11: 1967 | R11: 420
Q12: 1968 | R12: 420
Q13: 1969 | R13: 519
Q14: 1970 | R14: 519
Q15: 1971 | R15: 519
Q16: 1972 | R16: 660
Q17: 1973 | R17: 660
Q18: 1974 | R18: 900
A19: OFERENTE | B19: 1 | C19: =VLOOKUP(B19,Conformación!$A$5:$S$125,2,FALSE) -> BPENNOVA CONSULTORÍA S.A.S. | Q19: 1975 | R19: 1200
C20: =VLOOKUP(B19,Conformación!$A$5:$S$125,4,FALSE) -> (BPENNOVA CONSULTORÍA S.A.S. 100% - 0% - 0%- 0%- 0%) | Q20: 1976 | R20: 1560
Q21: 1977 | R21: 1770
Q22: 1978 | R22: 2580
A23: CARGO | B23: NOMBRE | C23: TARJETA PROFESIONAL | D23: FECHA EXPEDICIÓN | F23: PROFESION | G23: POSGRADO | H23: OBJETO | I23: FECHA TERMINACIÓN PROYECTO | J23: VALOR | K23: SMMLV | L23: REQUERIMIENTO PARTICULAR QUE ACREDITA | M23: ARCHIVO | N23: OBSERVACIONES | Q23: 1979 | R23: 3450
A24: =+A7 -> Residente de Obra | E24: =IF(D24=0,0,IF(D24<D$7,"CUMPLE EL TIEMPO MÍNIMO REQUERIDO DE HABER TERMINADO Y APROBADO ESTUDIOS","NO CUMPLE EL TIEMPO MÍNIMO REQUERIDO DE HABER TERMINADO Y APROBADO ESTUDIOS")) -> 0 | K24: =IF(J24=0,0,IF(I24<D$24,"EXPERIENCIA ADQUIRIDA ANTES DEL GRADO",J24/VLOOKUP(YEAR(I24),$Q$1:$R$64,2,0))) -> 0 | L24: =IF(K24>=K$7,"cumple",0) -> 0 | Q24: 1980 | R24: 4500
K25: =IF(J25=0,0,IF(I25<D$24,"EXPERIENCIA ADQUIRIDA ANTES DEL GRADO",J25/VLOOKUP(YEAR(I25),$Q$1:$R$64,2,0))) -> 0 | L25: =IF(K25>=K$7,"cumple",0) -> 0 | Q25: 1981 | R25: 5700
K26: =IF(J26=0,0,IF(I26<D$24,"EXPERIENCIA ADQUIRIDA ANTES DEL GRADO",J26/VLOOKUP(YEAR(I26),$Q$1:$R$64,2,0))) -> 0 | L26: =IF(K26>=K$7,"cumple",0) -> 0 | Q26: 1982 | R26: 7410
K27: =IF(J27=0,0,IF(I27<D$24,"EXPERIENCIA ADQUIRIDA ANTES DEL GRADO",J27/VLOOKUP(YEAR(I27),$Q$1:$R$64,2,0))) -> 0 | L27: =IF(K27>=K$7,"cumple",0) -> 0 | Q27: 1983 | R27: 9261
K28: =IF(J28=0,0,IF(I28<D$24,"EXPERIENCIA ADQUIRIDA ANTES DEL GRADO",J28/VLOOKUP(YEAR(I28),$Q$1:$R$64,2,0))) -> 0 | L28: =IF(K28>=K$7,"cumple",0) -> 0 | Q28: 1984 | R28: 11298
H29: TOTAL | K29: =SUM(K24:K28) -> 0 | Q29: 1985 | R29: 13557
Q30: 1986 | R30: 16811.4
Q31: 1987 | R31: 20510
A32: OFERENTE | B32: 2 | C32: =VLOOKUP(B32,Conformación!$A$5:$S$125,2,FALSE) -> 0 | Q32: 1988 | R32: 25637.4
C33: =VLOOKUP(B32,Conformación!$A$5:$S$125,4,FALSE) -> 0 | Q33: 1989 | R33: 32559.6
Q34: 1990 | R34: 41025
A35: CARGO | B35: NOMBRE | C35: TARJETA PROFESIONAL | D35: FECHA EXPEDICIÓN | F35: PROFESION | G35: POSGRADO | H35: OBJETO | I35: FECHA TERMINACIÓN PROYECTO | J35: VALOR | K35: SMMLV | L35: REQUERIMIENTO PARTICULAR QUE ACREDITA | M35: ARCHIVO | N35: OBSERVACIONES | Q35: 1991 | R35: 51716.1
A36: =A$7 -> Residente de Obra | E36: =IF(D36=0,0,IF(D36<D$7,"CUMPLE EL TIEMPO MÍNIMO REQUERIDO DE HABER TERMINADO Y APROBADO ESTUDIOS","NO CUMPLE EL TIEMPO MÍNIMO REQUERIDO DE HABER TERMINADO Y APROBADO ESTUDIOS")) -> 0 | K36: =IF(J36=0,0,IF(I36<D$36,"EXPERIENCIA ADQUIRIDA ANTES DEL GRADO",J36/VLOOKUP(YEAR(I36),$Q$1:$R$64,2,0))) -> 0 | L36: =IF(K36>=K$7,"cumple",0) -> 0 | Q36: 1992 | R36: 65190
K37: =IF(J37=0,0,IF(I37<D$36,"EXPERIENCIA ADQUIRIDA ANTES DEL GRADO",J37/VLOOKUP(YEAR(I37),$Q$1:$R$64,2,0))) -> 0 | L37: =IF(K37>=K$7,"cumple",0) -> 0 | Q37: 1993 | R37: 81510
K38: =IF(J38=0,0,IF(I38<D$36,"EXPERIENCIA ADQUIRIDA ANTES DEL GRADO",J38/VLOOKUP(YEAR(I38),$Q$1:$R$64,2,0))) -> 0 | L38: =IF(K38>=K$7,"cumple",0) -> 0 | Q38: 1994 | R38: 98700
K39: =IF(J39=0,0,IF(I39<D$36,"EXPERIENCIA ADQUIRIDA ANTES DEL GRADO",J39/VLOOKUP(YEAR(I39),$Q$1:$R$64,2,0))) -> 0 | L39: =IF(K39>=K$7,"cumple",0) -> 0 | Q39: 1995 | R39: 118933.5
K40: =IF(J40=0,0,IF(I40<D$36,"EXPERIENCIA ADQUIRIDA ANTES DEL GRADO",J40/VLOOKUP(YEAR(I40),$Q$1:$R$64,2,0))) -> 0 | L40: =IF(K40>=K$7,"cumple",0) -> 0 | Q40: 1996 | R40: 142125
H41: TOTAL | K41: =SUM(K36:K40) -> 0 | Q41: 1997 | R41: 172005
Q42: 1998 | R42: 203826
Q43: 1999 | R43: 236460
A44: OFERENTE | B44: 3 | C44: =VLOOKUP(B44,Conformación!$A$5:$S$125,2,FALSE) -> 0 | Q44: 2000 | R44: 260100
C45: =VLOOKUP(B44,Conformación!$A$5:$S$125,4,FALSE) -> 0 | Q45: 2001 | R45: 286000
Q46: 2002 | R46: 309000
A47: CARGO | B47: NOMBRE | C47: TARJETA PROFESIONAL | D47: FECHA EXPEDICIÓN | F47: PROFESION | G47: POSGRADO | H47: OBJETO | I47: FECHA TERMINACIÓN PROYECTO | J47: VALOR | K47: SMMLV | L47: REQUERIMIENTO PARTICULAR QUE ACREDITA | M47: ARCHIVO | N47: OBSERVACIONES | Q47: 2003 | R47: 332000
A48: =A$7 -> Residente de Obra | E48: =IF(D48=0,0,IF(D48<D$7,"CUMPLE EL TIEMPO MÍNIMO REQUERIDO DE HABER TERMINADO Y APROBADO ESTUDIOS","NO CUMPLE EL TIEMPO MÍNIMO REQUERIDO DE HABER TERMINADO Y APROBADO ESTUDIOS")) -> 0 | K48: =IF(J48=0,0,IF(I48<D$48,"EXPERIENCIA ADQUIRIDA ANTES DEL GRADO",J48/VLOOKUP(YEAR(I48),$Q$1:$R$64,2,0))) -> 0 | L48: =IF(K48>=K$7,"cumple",0) -> 0 | Q48: 2004 | R48: 358000
K49: =IF(J49=0,0,IF(I49<D$48,"EXPERIENCIA ADQUIRIDA ANTES DEL GRADO",J49/VLOOKUP(YEAR(I49),$Q$1:$R$64,2,0))) -> 0 | L49: =IF(K49>=K$7,"cumple",0) -> 0 | Q49: 2005 | R49: 381500
K50: =IF(J50=0,0,IF(I50<D$48,"EXPERIENCIA ADQUIRIDA ANTES DEL GRADO",J50/VLOOKUP(YEAR(I50),$Q$1:$R$64,2,0))) -> 0 | L50: =IF(K50>=K$7,"cumple",0) -> 0 | Q50: 2006 | R50: 408000
K51: =IF(J51=0,0,IF(I51<D$48,"EXPERIENCIA ADQUIRIDA ANTES DEL GRADO",J51/VLOOKUP(YEAR(I51),$Q$1:$R$64,2,0))) -> 0 | L51: =IF(K51>=K$7,"cumple",0) -> 0 | Q51: 2007 | R51: 433700
K52: =IF(J52=0,0,IF(I52<D$48,"EXPERIENCIA ADQUIRIDA ANTES DEL GRADO",J52/VLOOKUP(YEAR(I52),$Q$1:$R$64,2,0))) -> 0 | L52: =IF(K52>=K$7,"cumple",0) -> 0 | Q52: 2008 | R52: 461500
H53: TOTAL | K53: =SUM(K47:K52) -> 0 | Q53: 2009 | R53: 496900
Q54: 2010 | R54: 515000
Q55: 2011 | R55: 535600
A56: OFERENTE | B56: 4 | C56: =VLOOKUP(B56,Conformación!$A$5:$S$125,2,FALSE) -> 0 | Q56: 2012 | R56: 566700
C57: =VLOOKUP(B56,Conformación!$A$5:$S$125,4,FALSE) -> 0 | Q57: 2013 | R57: 581900
Q58: 2014 | R58: 616000
A59: CARGO | B59: NOMBRE | C59: TARJETA PROFESIONAL | D59: FECHA EXPEDICIÓN | F59: PROFESION | G59: POSGRADO | H59: OBJETO | I59: FECHA TERMINACIÓN PROYECTO | J59: VALOR | K59: SMMLV | L59: REQUERIMIENTO PARTICULAR QUE ACREDITA | M59: ARCHIVO | N59: OBSERVACIONES | Q59: 2015 | R59: 644350
A60: =A$7 -> Residente de Obra | E60: =IF(D60=0,0,IF(D60<D$7,"CUMPLE EL TIEMPO MÍNIMO REQUERIDO DE HABER TERMINADO Y APROBADO ESTUDIOS","NO CUMPLE EL TIEMPO MÍNIMO REQUERIDO DE HABER TERMINADO Y APROBADO ESTUDIOS")) -> 0 | K60: =IF(J60=0,0,IF(I60<D$60,"EXPERIENCIA ADQUIRIDA ANTES DEL GRADO",J60/VLOOKUP(YEAR(I60),$Q$1:$R$64,2,0))) -> 0 | L60: =IF(K60>=K$7,"cumple",0) -> 0 | Q60: 2016 | R60: 689500
K61: =IF(J61=0,0,IF(I61<D$60,"EXPERIENCIA ADQUIRIDA ANTES DEL GRADO",J61/VLOOKUP(YEAR(I61),$Q$1:$R$64,2,0))) -> 0 | L61: =IF(K61>=K$7,"cumple",0) -> 0 | Q61: 2017 | R61: 737717
K62: =IF(J62=0,0,IF(I62<D$60,"EXPERIENCIA ADQUIRIDA ANTES DEL GRADO",J62/VLOOKUP(YEAR(I62),$Q$1:$R$64,2,0))) -> 0 | L62: =IF(K62>=K$7,"cumple",0) -> 0 | Q62: 2018 | R62: 781242
K63: =IF(J63=0,0,IF(I63<D$60,"EXPERIENCIA ADQUIRIDA ANTES DEL GRADO",J63/VLOOKUP(YEAR(I63),$Q$1:$R$64,2,0))) -> 0 | L63: =IF(K63>=K$7,"cumple",0) -> 0 | Q63: 2019 | R63: 828116
K64: =IF(J64=0,0,IF(I64<D$60,"EXPERIENCIA ADQUIRIDA ANTES DEL GRADO",J64/VLOOKUP(YEAR(I64),$Q$1:$R$64,2,0))) -> 0 | L64: =IF(K64>=K$7,"cumple",0) -> 0 | Q64: 2020 | R64: 877803
H65: TOTAL | K65: =SUM(K62:K64) -> 0
A68: OFERENTE | B68: 5 | C68: =VLOOKUP(B68,Conformación!$A$5:$S$125,2,FALSE) -> 0
C69: =VLOOKUP(B68,Conformación!$A$5:$S$125,4,FALSE) -> 0
A71: CARGO | B71: NOMBRE | C71: TARJETA PROFESIONAL | D71: FECHA EXPEDICIÓN | F71: PROFESION | G71: POSGRADO | H71: OBJETO | I71: FECHA TERMINACIÓN PROYECTO | J71: VALOR | K71: SMMLV | L71: REQUERIMIENTO PARTICULAR QUE ACREDITA | M71: ARCHIVO | N71: OBSERVACIONES
A72: =A$7 -> Residente de Obra | E72: =IF(D72=0,0,IF(D72<D$7,"CUMPLE EL TIEMPO MÍNIMO REQUERIDO DE HABER TERMINADO Y APROBADO ESTUDIOS","NO CUMPLE EL TIEMPO MÍNIMO REQUERIDO DE HABER TERMINADO Y APROBADO ESTUDIOS")) -> 0 | K72: =IF(J72=0,0,IF(I72<D$72,"EXPERIENCIA ADQUIRIDA ANTES DEL GRADO",J72/VLOOKUP(YEAR(I72),$Q$1:$R$64,2,0))) -> 0 | L72: =IF(K72>=K$7,"cumple",0) -> 0
K73: =IF(J73=0,0,IF(I73<D$72,"EXPERIENCIA ADQUIRIDA ANTES DEL GRADO",J73/VLOOKUP(YEAR(I73),$Q$1:$R$64,2,0))) -> 0 | L73: =IF(K73>=K$7,"cumple",0) -> 0
K74: =IF(J74=0,0,IF(I74<D$72,"EXPERIENCIA ADQUIRIDA ANTES DEL GRADO",J74/VLOOKUP(YEAR(I74),$Q$1:$R$64,2,0))) -> 0 | L74: =IF(K74>=K$7,"cumple",0) -> 0
K75: =IF(J75=0,0,IF(I75<D$72,"EXPERIENCIA ADQUIRIDA ANTES DEL GRADO",J75/VLOOKUP(YEAR(I75),$Q$1:$R$64,2,0))) -> 0 | L75: =IF(K75>=K$7,"cumple",0) -> 0
K76: =IF(J76=0,0,IF(I76<D$72,"EXPERIENCIA ADQUIRIDA ANTES DEL GRADO",J76/VLOOKUP(YEAR(I76),$Q$1:$R$64,2,0))) -> 0 | L76: =IF(K76>=K$7,"cumple",0) -> 0
H77: TOTAL | K77: =SUM(K74:K76) -> 0

Sheet Exp. profesionales (2)
A1: =+#REF! -> #REF! | P1: 1957 | Q1: 155.4
P2: 1958 | Q2: 155.4
P3: 1959 | Q3: 155.4
A4: REQUISITOS MINIMOS - PERSONAL PRINCIPAL REQUERIDO - CUMPLE/ NO CUMPLE | P4: 1960 | Q4: 198
P5: 1961
A6: CARGO A DESEMPEÑAR | B6: FORMACIÓN ACADÉMICA | C6: TIEMPO MÍNIMO REQUERIDO DE HABER TERMINADO Y APROBADO ESTUDIOS (EN AÑOS) | E6: NUMERO DE PROYECTOS A ACREDITAR | F6: EXPERIENCIA ESPECÍFICA | H6: REQUERIMIENTO PARTICULAR | J6: REQUISITO MINIMO EN SMMLV | K6: REQUISITO MINIMO EN AÑOS | P6: 1962 | Q6: 300
A7: Residente de Obra | B7: Arquitecto Diseñador o Ingeniero Civil | C7: 3 | D7: 41805 | E7: 2 | F7: Residente de obra para la construcción y/o ampliación de parques y/o construcción y/o ampliación de canchas en pasto sintético y/o natural y/o escenarios deportivos | H7: El valor de uno de los proyectos aportados deberá ser mayor o igual al 100% del valor de presupuesto indicado en el numeral 4.2 etapa 2. Ejecución de la obra sin incluir costos de fiducia y prima de manejo de anticipo expresado en SMMLV | J7: 1252.89 | K7: 10 | P7: 1963 | Q7: 420
P8: 1964 | Q8: 420
P9: 1965 | Q9: 420
P10: 1966 | Q10: 420
P11: 1967 | Q11: 420
P12: 1968 | Q12: 420
P13: 1969 | Q13: 519
P14: 1970 | Q14: 519
P15: 1971 | Q15: 519
P16: 1972 | Q16: 660
P17: 1973 | Q17: 660
P18: 1974 | Q18: 900
P19: 1975 | Q19: 1200
P20: 1976 | Q20: 1560
A21: OFERENTE | B21: 1 | C21: =VLOOKUP(B21,Conformación!$A$5:$S$125,2,FALSE) -> BPENNOVA CONSULTORÍA S.A.S. | P21: 1977 | Q21: 1770
C22: =VLOOKUP(B21,Conformación!$A$5:$S$125,4,FALSE) -> (BPENNOVA CONSULTORÍA S.A.S. 100% - 0% - 0%- 0%- 0%) | P22: 1978 | Q22: 2580
P23: 1979 | Q23: 3450
P24: 1980 | Q24: 4500
A25: CARGO | B25: NOMBRE | C25: TARJETA PROFESIONAL | D25: FECHA EXPEDICIÓN | F25: PROFESION | G25: OBJETO | H25: FECHA TERMINACIÓN CONTRATO | I25: VALOR | K25: REQUERIMIENTO PARTICULAR QUE ACREDITA | L25: FOLIO | M25: OBSERVACIONES | P25: 1981 | Q25: 5700
A26: =+A7 -> Residente de Obra | B26: HENRY ALBERTO PEÑA PRADA | C26: A68071999-91257636 | D26: 36315 | E26: =IF(D26=0,0,IF(D26<D$7,"CUMPLE EL TIEMPO MÍNIMO REQUERIDO DE HABER TERMINADO Y APROBADO ESTUDIOS","NO CUMPLE EL TIEMPO MÍNIMO REQUERIDO DE HABER TERMINADO Y APROBADO ESTUDIOS")) -> CUMPLE EL TIEMPO MÍNIMO REQUERIDO DE HABER TERMINADO Y APROBADO ESTUDIOS | F26: ARQUITECTO ESPECIALISTA GERENCIA INTEGRAL DE OBRAS | G26: CONSTRUCCION ZONAS DEPORTIVAS DEL PARQUE PRINCIPAL DEL MUNICIPIO DE LA MESAD E LOS SANTOS | H26: 38533 | I26: 530000000 | J26: =IF(I26=0,0,IF(H26<D$26,"EXPERIENCIA ADQUIRIDA ANTES DEL GRADO",I26/VLOOKUP(YEAR(H26),$P$24:$Q$59,2,0))) -> 1389.2529 | K26: =IF(I26>=J$7,"cumple",0) -> cumple | L26: 136 | M26: PRESENTA VIGENCIA FECHAS DE LABORES | P26: 1982 | Q26: 7410
G27: AMPLIACION PARQUE PRINCIPAL DEL MUNICIPIO DEL VALLE DE SAN JOSE | H27: 38441 | I27: 400000000 | J27: =IF(I27=0,0,IF(H27<D$26,"EXPERIENCIA ADQUIRIDA ANTES DEL GRADO",I27/VLOOKUP(YEAR(H27),$P$24:$Q$59,2,0))) -> 1048.4928 | K27: =IF(I27>=J$7,"cumple",0) -> cumple | L27: 137 | M27: FECHAS DE LABORES | P27: 1983 | Q27: 9261
J28: =IF(I28=0,0,IF(H28<D$26,"EXPERIENCIA ADQUIRIDA ANTES DEL GRADO",I28/VLOOKUP(YEAR(H28),$P$24:$Q$59,2,0))) -> 0 | K28: =IF(I28>=J$7,"cumple",0) -> 0 | P28: 1984 | Q28: 11298
J29: =IF(I29=0,0,IF(H29<D$26,"EXPERIENCIA ADQUIRIDA ANTES DEL GRADO",I29/VLOOKUP(YEAR(H29),$P$24:$Q$59,2,0))) -> 0 | K29: =IF(I29>=J$7,"cumple",0) -> 0 | P29: 1980 | Q29: 4500
J30: =IF(I30=0,0,IF(H30<D$26,"EXPERIENCIA ADQUIRIDA ANTES DEL GRADO",I30/VLOOKUP(YEAR(H30),$P$24:$Q$59,2,0))) -> 0 | K30: =IF(I30>=J$7,"cumple",0) -> 0 | P30: 1981 | Q30: 5700
K31: =IF(I31>=J$7,"cumple",0) -> 0 | P31: 1985 | Q31: 13557
P32: 1986 | Q32: 16811.4
G33: TOTAL | J33: =SUM(J26:J32) -> 2437.7457 | P33: 1987 | Q33: 20510
P34: 1981 | Q34: 5700
P35: 1988 | Q35: 25637.4
P36: 1989 | Q36: 32559.6
P37: 1990 | Q37: 41025.1
P38: 1991 | Q38: 51720
P39: 1992 | Q39: 65190
P40: 1993 | Q40: 81510
A41: OFERENTE | B41: 2 | C41: =VLOOKUP(B41,Conformación!$A$5:$S$125,2,FALSE) -> 0 | P41: 1994 | Q41: 98700
C42: =VLOOKUP(B41,Conformación!$A$5:$S$125,4,FALSE) -> 0 | P42: 1995 | Q42: 118933.5
P43: 1996 | Q43: 142125
A44: CARGO | B44: NOMBRE | C44: TARJETA PROFESIONAL | D44: FECHA EXPEDICIÓN | F44: PROFESION | G44: OBJETO | H44: FECHA TERMINACIÓN CONTRATO | I44: VALOR | J44: M2 | K44: REQUERIMIENTO PARTICULAR QUE ACREDITA | L44: FOLIO | M44: OBSERVACIONES | P44: 1997 | Q44: 172005
A45: =A$7 -> Residente de Obra | E45: =IF(D45=0,0,IF(D45<D$7,"CUMPLE EL TIEMPO MÍNIMO REQUERIDO DE HABER TERMINADO Y APROBADO ESTUDIOS","NO CUMPLE EL TIEMPO MÍNIMO REQUERIDO DE HABER TERMINADO Y APROBADO ESTUDIOS")) -> 0 | J45: =IF(I45=0,0,IF(H45<D$26,"EXPERIENCIA ADQUIRIDA ANTES DEL GRADO",I45/VLOOKUP(YEAR(H45),$P$24:$Q$59,2,0))) -> 0 | K45: =IF(I45>=J$7,"cumple",0) -> 0 | P45: 1998 | Q45: 203826
J46: =IF(I46=0,0,IF(H46<D$26,"EXPERIENCIA ADQUIRIDA ANTES DEL GRADO",I46/VLOOKUP(YEAR(H46),$P$24:$Q$59,2,0))) -> 0 | K46: =IF(I46>=J$7,"cumple",0) -> 0 | P46: 2002 | Q46: 309000
J47: =IF(I47=0,0,IF(H47<D$26,"EXPERIENCIA ADQUIRIDA ANTES DEL GRADO",I47/VLOOKUP(YEAR(H47),$P$24:$Q$59,2,0))) -> 0 | K47: =IF(I47>=J$7,"cumple",0) -> 0 | P47: 2003 | Q47: 332000
J48: =IF(I48=0,0,IF(H48<D$26,"EXPERIENCIA ADQUIRIDA ANTES DEL GRADO",I48/VLOOKUP(YEAR(H48),$P$24:$Q$59,2,0))) -> 0 | K48: =IF(I48>=J$7,"cumple",0) -> 0 | P48: 2004 | Q48: 358000
J49: =IF(I49=0,0,IF(H49<D$26,"EXPERIENCIA ADQUIRIDA ANTES DEL GRADO",I49/VLOOKUP(YEAR(H49),$P$24:$Q$59,2,0))) -> 0 | K49: =IF(I49>=J$7,"cumple",0) -> 0 | P49: 2005 | Q49: 381500
K50: =IF(I50>=J$7,"cumple",0) -> 0 | P50: 2006 | Q50: 408000
P51: 2007 | Q51: 433700
P52: 2008 | Q52: 461500
P53: 2009 | Q53: 496900
P54: 2010 | Q54: 515000
P55: 2011 | Q55: 535600
P56: 2012 | Q56: 566700
A57: OFERENTE | B57: 3 | C57: =VLOOKUP(B57,Conformación!$A$5:$S$125,2,FALSE) -> 0 | P57: 2013 | Q57: 581900
C58: =VLOOKUP(B57,Conformación!$A$5:$S$125,4,FALSE) -> 0 | P58: 2014 | Q58: 616000
P59: 2015 | Q59: 644350
A60: CARGO | B60: NOMBRE | C60: TARJETA PROFESIONAL | D60: FECHA EXPEDICIÓN | F60: PROFESION | G60: OBJETO | H60: FECHA TERMINACIÓN CONTRATO | I60: VALOR | J60: M2 | K60: REQUERIMIENTO PARTICULAR QUE ACREDITA | L60: FOLIO | M60: OBSERVACIONES | P60: 2016 | Q60: 689500
A61: =A$7 -> Residente de Obra | B61: GLORIA MARIA OTERO GUTIERREZ | C61: 0520249484ANT | D61: 34382 | E61: =IF(D61=0,0,IF(D61<D$7,"CUMPLE EL TIEMPO MÍNIMO REQUERIDO DE HABER TERMINADO Y APROBADO ESTUDIOS","NO CUMPLE EL TIEMPO MÍNIMO REQUERIDO DE HABER TERMINADO Y APROBADO ESTUDIOS")) -> CUMPLE EL TIEMPO MÍNIMO REQUERIDO DE HABER TERMINADO Y APROBADO ESTUDIOS | F61: ING CIVIL | G61: CONSTRUCCION CANCHA SINTETICA EN EL ESCENARIO DEPORTIVO ANTONIO NARIÑO COMUNA 13 SAN JAVIER MUNICIPIO DE MEDELLIN | H61: 42390 | I61: 1173126960 | J61: =IF(I61=0,0,IF(H61<D$26,"EXPERIENCIA ADQUIRIDA ANTES DEL GRADO",I61/VLOOKUP(YEAR(H61),$P$24:$Q$62,2,0))) -> 1701.4169 | K61: =IF(I61>=J$7,"cumple",0) -> cumple | L61: 156 | M61: PRESENTA VIGENCIA | P61: 2017 | Q61: 717737
G62: CANCHA SINTETICA UNIDAD DEPORTIVA BARRIO SAN JOSE MUNICIPIO ITAGUI | H62: 41642 | I62: 190008570 | J62: =IF(I62=0,0,IF(H62<D$26,"EXPERIENCIA ADQUIRIDA ANTES DEL GRADO",I62/VLOOKUP(YEAR(H62),$P$24:$Q$62,2,0))) -> 308.45547 | K62: =IF(I62>=J$7,"cumple",0) -> cumple | P62: 2001 | Q62: 286000
J63: =IF(I63=0,0,IF(H63<D$26,"EXPERIENCIA ADQUIRIDA ANTES DEL GRADO",I63/VLOOKUP(YEAR(H63),$P$24:$Q$59,2,0))) -> 0 | K63: =IF(I63>=J$7,"cumple",0) -> 0
J64: =IF(I64=0,0,IF(H64<D$26,"EXPERIENCIA ADQUIRIDA ANTES DEL GRADO",I64/VLOOKUP(YEAR(H64),$P$24:$Q$59,2,0))) -> 0 | K64: =IF(I64>=J$7,"cumple",0) -> 0
G65: TOTAL | J65: =IF(I65=0,0,IF(H65<D$26,"EXPERIENCIA ADQUIRIDA ANTES DEL GRADO",I65/VLOOKUP(YEAR(H65),$P$24:$Q$59,2,0))) -> 0 | K65: =IF(I65>=J$7,"cumple",0) -> 0
A73: OFERENTE | B73: 4 | C73: =VLOOKUP(B73,Conformación!$A$5:$S$125,2,FALSE) -> 0
C74: =VLOOKUP(B73,Conformación!$A$5:$S$125,4,FALSE) -> 0
A76: CARGO | B76: NOMBRE | C76: TARJETA PROFESIONAL | D76: FECHA EXPEDICIÓN | F76: PROFESION | G76: OBJETO | H76: FECHA TERMINACIÓN CONTRATO | I76: VALOR | J76: SMMLV | K76: REQUERIMIENTO PARTICULAR QUE ACREDITA | L76: N/A | M76: OBSERVACIONES
A77: =A$7 -> Residente de Obra | B77: JOSE AUGUSTO ESPINOSA CIFUENTES | C77: 2520280962CND | D77: 36664 | E77: =IF(D77=0,0,IF(D77<D$7,"CUMPLE EL TIEMPO MÍNIMO REQUERIDO DE HABER TERMINADO Y APROBADO ESTUDIOS","NO CUMPLE EL TIEMPO MÍNIMO REQUERIDO DE HABER TERMINADO Y APROBADO ESTUDIOS")) -> CUMPLE EL TIEMPO MÍNIMO REQUERIDO DE HABER TERMINADO Y APROBADO ESTUDIOS | F77: ING CIVIL | G77: CONSTRUCCION DE GRADERIAS, PISTA PLANA Y OBRAS COMPLEMENTARIAS DEL PATINODROMO DEL MUNICIPIO DE AGUAZUL | H77: 36926 | I77: 849310085 | J77: =IF(I77=0,0,IF(H77<D$77,"EXPERIENCIA ADQUIRIDA ANTES DEL GRADO",I77/VLOOKUP(YEAR(H77),$P$22:$Q$62,2,0))) -> 2969.6157 | K77: =IF(I77>=J$7,"cumple",0) -> cumple | L77: 147 | M77: APORTAR VIGENCIA VIGENTE
G78: CONSTRUCCION DE CANCHAS MULTIPLES DE LA ESCUELA DE GUAFAL SECTOR HORQUETA, ESCUELA NORMAL | H78: 38025 | I78: 553757471 | J78: =IF(I78=0,0,IF(H78<D$77,"EXPERIENCIA ADQUIRIDA ANTES DEL GRADO",I78/VLOOKUP(YEAR(H78),$P$22:$Q$62,2,0))) -> 1546.8086 | K78: =IF(I78>=J$7,"cumple",0) -> cumple | L78: 148
J79: =IF(I79=0,0,IF(H79<D$77,"EXPERIENCIA ADQUIRIDA ANTES DEL GRADO",I79/VLOOKUP(YEAR(H79),$P$22:$Q$62,2,0))) -> 0 | K79: =IF(I79>=J$7,"cumple",0) -> 0 | L79: N/A
J80: =IF(I80=0,0,IF(H80<D$77,"EXPERIENCIA ADQUIRIDA ANTES DEL GRADO",I80/VLOOKUP(YEAR(H80),$P$22:$Q$62,2,0))) -> 0 | K80: =IF(I80>=J$7,"cumple",0) -> 0 | L80: N/A
J81: =IF(I81=0,0,IF(H81<D$77,"EXPERIENCIA ADQUIRIDA ANTES DEL GRADO",I81/VLOOKUP(YEAR(H81),$P$22:$Q$62,2,0))) -> 0 | K81: =IF(I81>=J$7,"cumple",0) -> 0 | L81: N/A
G84: TOTAL | J84: =SUM(J77:J83) -> 4516.4243
A92: OFERENTE | B92: 5 | C92: =VLOOKUP(B92,Conformación!$A$5:$S$125,2,FALSE) -> 0
C93: =VLOOKUP(B92,Conformación!$A$5:$S$125,4,FALSE) -> 0
A95: CARGO | B95: NOMBRE | C95: TARJETA PROFESIONAL | D95: FECHA EXPEDICIÓN | F95: PROFESION | G95: OBJETO | H95: FECHA TERMINACIÓN CONTRATO | I95: VALOR | J95: SMMLV | K95: REQUERIMIENTO PARTICULAR QUE ACREDITA | L95: N/A | M95: OBSERVACIONES
A96: =A$7 -> Residente de Obra | B96: NICOLAS QUINTERO PATIÑO | C96: 1720208454CLD | D96: 30215 | E96: =IF(D96=0,0,IF(D96<D$7,"CUMPLE EL TIEMPO MÍNIMO REQUERIDO DE HABER TERMINADO Y APROBADO ESTUDIOS","NO CUMPLE EL TIEMPO MÍNIMO REQUERIDO DE HABER TERMINADO Y APROBADO ESTUDIOS")) -> CUMPLE EL TIEMPO MÍNIMO REQUERIDO DE HABER TERMINADO Y APROBADO ESTUDIOS | F96: ING CIVIL | G96: ESTUDIOS, DISÑEOS Y CONSTRUCCION DEL POLIDEPORTIVO CUBIERTO Y CONSTRUCCION PARQUE INFANTIL,EN CENTRO POBLADO DE PUERTO JORDAN - ARAUCA | I96: 1110404303 | J96: =IF(I96=0,0,IF(H96<D$96,"EXPERIENCIA ADQUIRIDA ANTES DEL GRADO",I96/VLOOKUP(YEAR(H96),$P$24:$Q$59,2,0))) -> EXPERIENCIA ADQUIRIDA ANTES DEL GRADO | K96: =IF(I96>=J$7,"cumple",0) -> cumple | L96: 228 | M96: FECHA TERMINACION?FECHAS LABORES?
G97: CONSTRUCCION COLISEO CUBIERTO MUNICIPIO DE BALBOA | H97: 39447 | I97: 491429492 | J97: =IF(I97=0,0,IF(H97<D$96,"EXPERIENCIA ADQUIRIDA ANTES DEL GRADO",I97/VLOOKUP(YEAR(H97),$P$24:$Q$59,2,0))) -> 1133.1093 | K97: =IF(I97>=J$7,"cumple",0) -> cumple | L97: 231 | M97: LABORES FECHAS?
J98: =IF(I98=0,0,IF(H98<D$96,"EXPERIENCIA ADQUIRIDA ANTES DEL GRADO",I98/VLOOKUP(YEAR(H98),$P$24:$Q$59,2,0))) -> 0 | K98: =IF(I98>=J$7,"cumple",0) -> 0 | L98: N/A
J99: =IF(I99=0,0,IF(H99<D$96,"EXPERIENCIA ADQUIRIDA ANTES DEL GRADO",I99/VLOOKUP(YEAR(H99),$P$24:$Q$59,2,0))) -> 0 | K99: =IF(I99>=J$7,"cumple",0) -> 0 | L99: N/A
J100: =IF(I100=0,0,IF(H100<D$96,"EXPERIENCIA ADQUIRIDA ANTES DEL GRADO",I100/VLOOKUP(YEAR(H100),$P$24:$Q$59,2,0))) -> 0 | K100: =IF(I100>=J$7,"cumple",0) -> 0 | L100: N/A
G103: TOTAL | J103: =SUM(J96:J102) -> 1133.1093

Sheet Exp. profesinal años
A1: =+#REF! -> #REF! | U1: 1957 | V1: 155.4
U2: 1958 | V2: 155.4
U3: 1959 | V3: 155.4
A4: REQUISITOS MINIMOS - PERSONAL PRINCIPAL REQUERIDO - CUMPLE/ NO CUMPLE | U4: 1960 | V4: 198
U5: 1961
A6: CARGO A DESEMPEÑAR | B6: FORMACIÓN ACADÉMICA | C6: TIEMPO MÍNIMO REQUERIDO DE HABER TERMINADO Y APROBADO ESTUDIOS (EN AÑOS) | E6: NUMERO DE PROYECTOS A ACREDITAR | F6: EXPERIENCIA ESPECÍFICA | I6: REQUERIMIENTO PARTICULAR | M6: REQUISITO MINIMO EN SMMLV | N6: REQUISITO MINIMO EN AÑOS | U6: 1962 | V6: 300
A7: Director de Consultoría | B7: Ingeniero civil o de vías, con posgrado a nivel de especialización o maestría en ingeniería y/o gerencia y/o finanzas y/o administración | C7: 12 | D7: 39358 | E7: Mínimo 2 | F7: Experiencia como líder o director en la estructuración de proyectos de infraestructura de Transporte a nivel internacional o en Colombia. | I7: Experiencia específica de mínimo (10) años en el área y cargo solicitado. La sumatoria del valor de los contratos en los que participó debe ser ≥ una (1) vez el POE a la fecha de su terminación. | M7: =+'[9]Exp. oferente'!G14 -> 2094.0763 | N7: 10 | U7: 1963 | V7: 420
U8: 1964 | V8: 420
U9: 1965 | V9: 420
U10: 1966 | V10: 420
U11: 1967 | V11: 420
U12: 1968 | V12: 420
U13: 1969 | V13: 519
U14: 1970 | V14: 519
U15: 1971 | V15: 519
U16: 1972 | V16: 660
U17: 1973 | V17: 660
U18: 1974 | V18: 900
U19: 1975 | V19: 1200
U20: 1976 | V20: 1560
A21: OFERENTE | B21: 1 | C21: =VLOOKUP(B21,Conformación!$A$5:$S$125,2,FALSE) -> BPENNOVA CONSULTORÍA S.A.S. | U21: 1977 | V21: 1770
C22: =VLOOKUP(B21,Conformación!$A$5:$S$125,4,FALSE) -> (BPENNOVA CONSULTORÍA S.A.S. 100% - 0% - 0%- 0%- 0%) | U22: 1978 | V22: 2580
U23: 1979 | V23: 3450
U24: 1980 | V24: 4500
A25: CARGO | B25: NOMBRE | C25: TARJETA PROFESIONAL | D25: FECHA EXPEDICIÓN | F25: PROFESION | G25: POSGRADO | H25: OBJETO | I25: FECHA INICIO PROYECTO | J25: FECHA TERMINACIÓN PROYECTO | K25: VALOR | L25: SMMLV | M25: TOTAL DIAS | N25: AÑOS | O25: MESES | P25: DIAS | Q25: ARCHIVO | R25: OBSERVACIONES | U25: 1981 | V25: 5700
A26: =+A7 -> Director de Consultoría | E26: =IF(D26=0,0,IF(D26<D$7,"CUMPLE EL TIEMPO MÍNIMO REQUERIDO DE HABER TERMINADO Y APROBADO ESTUDIOS","NO CUMPLE EL TIEMPO MÍNIMO REQUERIDO DE HABER TERMINADO Y APROBADO ESTUDIOS")) -> 0 | K26: 0 | L26: =IF(K26=0,0,IF(J26<D$26,"EXPERIENCIA ADQUIRIDA ANTES DEL GRADO",K26/VLOOKUP(YEAR(J26),$U$1:$V$66,2,0))) -> 0 | M26: =DAYS360(I26,J26) -> 0 | N26: =ROUNDDOWN(M26/360,0) -> 0 | O26: =ROUNDDOWN((M26-(N26*360))/30,0) -> 0 | P26: =+M26-(N26*360)-(O26*30) -> 0 | U26: 1982 | V26: 7410
L27: =IF(K27=0,0,IF(J27<D$26,"EXPERIENCIA ADQUIRIDA ANTES DEL GRADO",K27/VLOOKUP(YEAR(J27),$U$1:$V$66,2,0))) -> 0 | M27: =DAYS360(I27,J27) -> 0 | N27: =ROUNDDOWN(M27/360,0) -> 0 | O27: =ROUNDDOWN((M27-(N27*360))/30,0) -> 0 | P27: =+M27-(N27*360)-(O27*30) -> 0 | U27: 1983 | V27: 9261
L28: =IF(K28=0,0,IF(J28<D$26,"EXPERIENCIA ADQUIRIDA ANTES DEL GRADO",K28/VLOOKUP(YEAR(J28),$U$1:$V$66,2,0))) -> 0 | M28: =DAYS360(I28,J28) -> 0 | N28: =ROUNDDOWN(M28/360,0) -> 0 | O28: =ROUNDDOWN((M28-(N28*360))/30,0) -> 0 | P28: =+M28-(N28*360)-(O28*30) -> 0 | U28: 1984 | V28: 11298
L29: =IF(K29=0,0,IF(J29<D$26,"EXPERIENCIA ADQUIRIDA ANTES DEL GRADO",K29/VLOOKUP(YEAR(J29),$U$1:$V$66,2,0))) -> 0 | M29: =DAYS360(I29,J29) -> 0 | N29: =ROUNDDOWN(M29/360,0) -> 0 | O29: =ROUNDDOWN((M29-(N29*360))/30,0) -> 0 | P29: =+M29-(N29*360)-(O29*30) -> 0 | U29: 1985 | V29: 13557
L30: =IF(K30=0,0,IF(J30<D$26,"EXPERIENCIA ADQUIRIDA ANTES DEL GRADO",K30/VLOOKUP(YEAR(J30),$U$1:$V$66,2,0))) -> 0 | M30: =DAYS360(I30,J30) -> 0 | N30: =ROUNDDOWN(M30/360,0) -> 0 | O30: =ROUNDDOWN((M30-(N30*360))/30,0) -> 0 | P30: =+M30-(N30*360)-(O30*30) -> 0 | U30: 1986 | V30: 16811.4
L31: =IF(K31=0,0,IF(J31<D$26,"EXPERIENCIA ADQUIRIDA ANTES DEL GRADO",K31/VLOOKUP(YEAR(J31),$U$1:$V$66,2,0))) -> 0 | M31: =DAYS360(I31,J31) -> 0 | N31: =ROUNDDOWN(M31/360,0) -> 0 | O31: =ROUNDDOWN((M31-(N31*360))/30,0) -> 0 | P31: =+M31-(N31*360)-(O31*30) -> 0 | U31: 1987 | V31: 20510
L32: =IF(K32=0,0,IF(J32<D$26,"EXPERIENCIA ADQUIRIDA ANTES DEL GRADO",K32/VLOOKUP(YEAR(J32),$U$1:$V$66,2,0))) -> 0 | M32: =DAYS360(I32,J32) -> 0 | N32: =ROUNDDOWN(M32/360,0) -> 0 | O32: =ROUNDDOWN((M32-(N32*360))/30,0) -> 0 | P32: =+M32-(N32*360)-(O32*30) -> 0
H33: TOTAL | L33: =SUM(L26:L32) -> 0 | N33: =SUM(N26:N32) -> 0 | O33: =SUM(O26:O32) -> 0 | P33: =SUM(P26:P32) -> 0 | Q33: =+N33+O33/12+P33/365 -> 0 | R33: =+IF(Q33>=$N$7,"CUMPLE","NO CUMPLE") -> NO CUMPLE
U34: 1988 | V34: 25637.4
U35: 1989 | V35: 32559.6
A36: OFERENTE | B36: 2 | C36: =VLOOKUP(B36,Conformación!$A$5:$S$125,2,FALSE) -> 0 | U36: 1990 | V36: 41025
C37: =VLOOKUP(B36,Conformación!$A$5:$S$125,4,FALSE) -> 0 | U37: 1991 | V37: 51716.1
U38: 1992 | V38: 65190
A39: CARGO | B39: NOMBRE | C39: TARJETA PROFESIONAL | D39: FECHA EXPEDICIÓN | F39: PROFESION | G39: PROFESION | H39: OBJETO | I39: FECHA INICIO PROYECTO | J39: FECHA TERMINACIÓN PROYECTO | K39: VALOR | L39: SMMLV | M39: TOTAL DIAS | N39: AÑOS | O39: MESES | P39: DIAS | Q39: ARCHIVO | R39: OBSERVACIONES | U39: 1993 | V39: 81510
A40: =A$7 -> Director de Consultoría | E40: =IF(D40=0,0,IF(D40<D$7,"CUMPLE EL TIEMPO MÍNIMO REQUERIDO DE HABER TERMINADO Y APROBADO ESTUDIOS","NO CUMPLE EL TIEMPO MÍNIMO REQUERIDO DE HABER TERMINADO Y APROBADO ESTUDIOS")) -> 0 | L40: =IF(K40=0,0,IF(J40<D$40,"EXPERIENCIA ADQUIRIDA ANTES DEL GRADO",K40/VLOOKUP(YEAR(J40),$U$1:$V$65,2,0))) -> 0 | M40: =DAYS360(I40,J40) -> 0 | N40: =ROUNDDOWN(M40/360,0) -> 0 | O40: =ROUNDDOWN((M40-(N40*360))/30,0) -> 0 | P40: =+M40-(N40*360)-(O40*30) -> 0 | U40: 1994 | V40: 98700
L41: =IF(K41=0,0,IF(J41<D$40,"EXPERIENCIA ADQUIRIDA ANTES DEL GRADO",K41/VLOOKUP(YEAR(J41),$U$1:$V$65,2,0))) -> 0 | M41: =DAYS360(I41,J41) -> 0 | N41: =ROUNDDOWN(M41/360,0) -> 0 | O41: =ROUNDDOWN((M41-(N41*360))/30,0) -> 0 | P41: =+M41-(N41*360)-(O41*30) -> 0 | U41: 1995 | V41: 118933.5
L42: =IF(K42=0,0,IF(J42<D$40,"EXPERIENCIA ADQUIRIDA ANTES DEL GRADO",K42/VLOOKUP(YEAR(J42),$U$1:$V$65,2,0))) -> 0 | M42: =DAYS360(I42,J42) -> 0 | N42: =ROUNDDOWN(M42/360,0) -> 0 | O42: =ROUNDDOWN((M42-(N42*360))/30,0) -> 0 | P42: =+M42-(N42*360)-(O42*30) -> 0 | U42: 1996 | V42: 142125
L43: =IF(K43=0,0,IF(J43<D$40,"EXPERIENCIA ADQUIRIDA ANTES DEL GRADO",K43/VLOOKUP(YEAR(J43),$U$1:$V$65,2,0))) -> 0 | M43: =DAYS360(I43,J43) -> 0 | N43: =ROUNDDOWN(M43/360,0) -> 0 | O43: =ROUNDDOWN((M43-(N43*360))/30,0) -> 0 | P43: =+M43-(N43*360)-(O43*30) -> 0 | U43: 1997 | V43: 172005
L44: =IF(K44=0,0,IF(J44<D$40,"EXPERIENCIA ADQUIRIDA ANTES DEL GRADO",K44/VLOOKUP(YEAR(J44),$U$1:$V$65,2,0))) -> 0 | M44: =DAYS360(I44,J44) -> 0 | N44: =ROUNDDOWN(M44/360,0) -> 0 | O44: =ROUNDDOWN((M44-(N44*360))/30,0) -> 0 | P44: =+M44-(N44*360)-(O44*30) -> 0 | U44: 1998 | V44: 203826
L45: =IF(K45=0,0,IF(J45<D$40,"EXPERIENCIA ADQUIRIDA ANTES DEL GRADO",K45/VLOOKUP(YEAR(J45),$U$1:$V$65,2,0))) -> 0 | M45: =DAYS360(I45,J45) -> 0 | N45: =ROUNDDOWN(M45/360,0) -> 0 | O45: =ROUNDDOWN((M45-(N45*360))/30,0) -> 0 | P45: =+M45-(N45*360)-(O45*30) -> 0 | U45: 1999 | V45: 236460
L46: =IF(K46=0,0,IF(J46<D$40,"EXPERIENCIA ADQUIRIDA ANTES DEL GRADO",K46/VLOOKUP(YEAR(J46),$U$1:$V$65,2,0))) -> 0 | M46: =DAYS360(I46,J46) -> 0 | N46: =ROUNDDOWN(M46/360,0) -> 0 | O46: =ROUNDDOWN((M46-(N46*360))/30,0) -> 0 | P46: =+M46-(N46*360)-(O46*30) -> 0 | U46: 2000 | V46: 260100
H47: TOTAL | L47: =SUM(L40:L46) -> 0 | N47: =SUM(N40:N46) -> 0 | O47: =SUM(O40:O46) -> 0 | P47: =SUM(P40:P46) -> 0 | Q47: =+N47+O47/12+P47/365 -> 0 | R47: =+IF(Q47>=$N$7,"CUMPLE","NO CUMPLE") -> NO CUMPLE | U47: 2001 | V47: 286000
U48: 2002 | V48: 309000
U49: 2003 | V49: 332000
A50: OFERENTE | B50: 3 | C50: =VLOOKUP(B50,Conformación!$A$5:$S$125,2,FALSE) -> 0 | U50: 2004 | V50: 358000
C51: =VLOOKUP(B50,Conformación!$A$5:$S$125,4,FALSE) -> 0 | U51: 2005 | V51: 381500
U52: 2006 | V52: 408000
A53: CARGO | B53: NOMBRE | C53: TARJETA PROFESIONAL | D53: FECHA EXPEDICIÓN | F53: PROFESION | G53: PROFESION | H53: OBJETO | I53: FECHA INICIO PROYECTO | J53: FECHA TERMINACIÓN PROYECTO | K53: VALOR | L53: SMMLV | M53: TOTAL DIAS | N53: AÑOS | O53: MESES | P53: DIAS | Q53: ARCHIVO | R53: OBSERVACIONES | U53: 2007 | V53: 433700
A54: =A$7 -> Director de Consultoría | E54: =IF(D54=0,0,IF(D54<D$7,"CUMPLE EL TIEMPO MÍNIMO REQUERIDO DE HABER TERMINADO Y APROBADO ESTUDIOS","NO CUMPLE EL TIEMPO MÍNIMO REQUERIDO DE HABER TERMINADO Y APROBADO ESTUDIOS")) -> 0 | L54: =IF(K54=0,0,IF(J54<D$54,"EXPERIENCIA ADQUIRIDA ANTES DEL GRADO",K54/VLOOKUP(YEAR(J54),$U$1:$V$65,2,0))) -> 0 | M54: =DAYS360(I54,J54) -> 0 | N54: =ROUNDDOWN(M54/360,0) -> 0 | O54: =ROUNDDOWN((M54-(N54*360))/30,0) -> 0 | P54: =+M54-(N54*360)-(O54*30) -> 0 | U54: 2008 | V54: 461500
L55: =IF(K55=0,0,IF(J55<D$54,"EXPERIENCIA ADQUIRIDA ANTES DEL GRADO",K55/VLOOKUP(YEAR(J55),$U$1:$V$65,2,0))) -> 0 | M55: =DAYS360(I55,J55) -> 0 | N55: =ROUNDDOWN(M55/360,0) -> 0 | O55: =ROUNDDOWN((M55-(N55*360))/30,0) -> 0 | P55: =+M55-(N55*360)-(O55*30) -> 0 | U55: 2009 | V55: 496900
L56: =IF(K56=0,0,IF(J56<D$54,"EXPERIENCIA ADQUIRIDA ANTES DEL GRADO",K56/VLOOKUP(YEAR(J56),$U$1:$V$65,2,0))) -> 0 | M56: =DAYS360(I56,J56) -> 0 | N56: =ROUNDDOWN(M56/360,0) -> 0 | O56: =ROUNDDOWN((M56-(N56*360))/30,0) -> 0 | P56: =+M56-(N56*360)-(O56*30) -> 0 | U56: 2010 | V56: 515000
L57: =IF(K57=0,0,IF(J57<D$54,"EXPERIENCIA ADQUIRIDA ANTES DEL GRADO",K57/VLOOKUP(YEAR(J57),$U$1:$V$65,2,0))) -> 0 | M57: =DAYS360(I57,J57) -> 0 | N57: =ROUNDDOWN(M57/360,0) -> 0 | O57: =ROUNDDOWN((M57-(N57*360))/30,0) -> 0 | P57: =+M57-(N57*360)-(O57*30) -> 0 | U57: 2011 | V57: 535600
L58: =IF(K58=0,0,IF(J58<D$54,"EXPERIENCIA ADQUIRIDA ANTES DEL GRADO",K58/VLOOKUP(YEAR(J58),$U$1:$V$65,2,0))) -> 0 | M58: =DAYS360(I58,J58) -> 0 | N58: =ROUNDDOWN(M58/360,0) -> 0 | O58: =ROUNDDOWN((M58-(N58*360))/30,0) -> 0 | P58: =+M58-(N58*360)-(O58*30) -> 0 | U58: 2012 | V58: 566700
L59: =IF(K59=0,0,IF(J59<D$54,"EXPERIENCIA ADQUIRIDA ANTES DEL GRADO",K59/VLOOKUP(YEAR(J59),$U$1:$V$65,2,0))) -> 0 | M59: =DAYS360(I59,J59) -> 0 | N59: =ROUNDDOWN(M59/360,0) -> 0 | O59: =ROUNDDOWN((M59-(N59*360))/30,0) -> 0 | P59: =+M59-(N59*360)-(O59*30) -> 0 | U59: 2013 | V59: 581900
L60: =IF(K60=0,0,IF(J60<D$54,"EXPERIENCIA ADQUIRIDA ANTES DEL GRADO",K60/VLOOKUP(YEAR(J60),$U$1:$V$65,2,0))) -> 0 | M60: =DAYS360(I60,J60) -> 0 | N60: =ROUNDDOWN(M60/360,0) -> 0 | O60: =ROUNDDOWN((M60-(N60*360))/30,0) -> 0 | P60: =+M60-(N60*360)-(O60*30) -> 0 | U60: 2014 | V60: 616000
H61: TOTAL | L61: =SUM(L54:L60) -> 0 | N61: =SUM(N54:N60) -> 0 | O61: =SUM(O54:O60) -> 0 | P61: =SUM(P54:P60) -> 0 | Q61: =+N61+O61/12+P61/365 -> 0 | R61: =+IF(Q61>=$N$7,"CUMPLE","NO CUMPLE") -> NO CUMPLE | U61: 2015 | V61: 644350
U62: 2016 | V62: 689500
U63: 2017 | V63: 737717
A64: OFERENTE | B64: 4 | C64: =VLOOKUP(B64,Conformación!$A$5:$S$125,2,FALSE) -> 0 | U64: 2018 | V64: 781242
C65: =VLOOKUP(B64,Conformación!$A$5:$S$125,4,FALSE) -> 0 | U65: 2019 | V65: 828116
U66: 2020 | V66: 877803
A67: CARGO | B67: NOMBRE | C67: TARJETA PROFESIONAL | D67: FECHA EXPEDICIÓN | F67: PROFESION | G67: PROFESION | H67: OBJETO | I67: FECHA INICIO PROYECTO | J67: FECHA TERMINACIÓN PROYECTO | K67: VALOR | L67: SMMLV | M67: TOTAL DIAS | N67: AÑOS | O67: MESES | P67: DIAS | Q67: ARCHIVO | R67: OBSERVACIONES
A68: =A$7 -> Director de Consultoría | E68: =IF(D68=0,0,IF(D68<D$7,"CUMPLE EL TIEMPO MÍNIMO REQUERIDO DE HABER TERMINADO Y APROBADO ESTUDIOS","NO CUMPLE EL TIEMPO MÍNIMO REQUERIDO DE HABER TERMINADO Y APROBADO ESTUDIOS")) -> 0 | L68: =IF(K68=0,0,IF(J68<D$68,"EXPERIENCIA ADQUIRIDA ANTES DEL GRADO",K68/VLOOKUP(YEAR(J68),$U$1:$V$65,2,0))) -> 0 | M68: =DAYS360(I68,J68) -> 0 | N68: =ROUNDDOWN(M68/360,0) -> 0 | O68: =ROUNDDOWN((M68-(N68*360))/30,0) -> 0 | P68: =+M68-(N68*360)-(O68*30) -> 0
L69: =IF(K69=0,0,IF(J69<D$68,"EXPERIENCIA ADQUIRIDA ANTES DEL GRADO",K69/VLOOKUP(YEAR(J69),$U$1:$V$65,2,0))) -> 0 | M69: =DAYS360(I69,J69) -> 0 | N69: =ROUNDDOWN(M69/360,0) -> 0 | O69: =ROUNDDOWN((M69-(N69*360))/30,0) -> 0 | P69: =+M69-(N69*360)-(O69*30) -> 0
L70: =IF(K70=0,0,IF(J70<D$68,"EXPERIENCIA ADQUIRIDA ANTES DEL GRADO",K70/VLOOKUP(YEAR(J70),$U$1:$V$65,2,0))) -> 0 | M70: =DAYS360(I70,J70) -> 0 | N70: =ROUNDDOWN(M70/360,0) -> 0 | O70: =ROUNDDOWN((M70-(N70*360))/30,0) -> 0 | P70: =+M70-(N70*360)-(O70*30) -> 0
L71: =IF(K71=0,0,IF(J71<D$68,"EXPERIENCIA ADQUIRIDA ANTES DEL GRADO",K71/VLOOKUP(YEAR(J71),$U$1:$V$65,2,0))) -> 0 | M71: =DAYS360(I71,J71) -> 0 | N71: =ROUNDDOWN(M71/360,0) -> 0 | O71: =ROUNDDOWN((M71-(N71*360))/30,0) -> 0 | P71: =+M71-(N71*360)-(O71*30) -> 0
L72: =IF(K72=0,0,IF(J72<D$68,"EXPERIENCIA ADQUIRIDA ANTES DEL GRADO",K72/VLOOKUP(YEAR(J72),$U$1:$V$65,2,0))) -> 0 | M72: =DAYS360(I72,J72) -> 0 | N72: =ROUNDDOWN(M72/360,0) -> 0 | O72: =ROUNDDOWN((M72-(N72*360))/30,0) -> 0 | P72: =+M72-(N72*360)-(O72*30) -> 0
L73: =IF(K73=0,0,IF(J73<D$68,"EXPERIENCIA ADQUIRIDA ANTES DEL GRADO",K73/VLOOKUP(YEAR(J73),$U$1:$V$65,2,0))) -> 0 | M73: =DAYS360(I73,J73) -> 0 | N73: =ROUNDDOWN(M73/360,0) -> 0 | O73: =ROUNDDOWN((M73-(N73*360))/30,0) -> 0 | P73: =+M73-(N73*360)-(O73*30) -> 0
L74: =IF(K74=0,0,IF(J74<D$68,"EXPERIENCIA ADQUIRIDA ANTES DEL GRADO",K74/VLOOKUP(YEAR(J74),$U$1:$V$65,2,0))) -> 0 | M74: =DAYS360(I74,J74) -> 0 | N74: =ROUNDDOWN(M74/360,0) -> 0 | O74: =ROUNDDOWN((M74-(N74*360))/30,0) -> 0 | P74: =+M74-(N74*360)-(O74*30) -> 0
H75: TOTAL | L75: =SUM(L68:L74) -> 0 | N75: =SUM(N68:N74) -> 0 | O75: =SUM(O68:O74) -> 0 | P75: =SUM(P68:P74) -> 0 | Q75: =+N75+O75/12+P75/365 -> 0 | R75: =+IF(Q75>=$N$7,"CUMPLE","NO CUMPLE") -> NO CUMPLE
A78: OFERENTE | B78: 5 | C78: =VLOOKUP(B78,Conformación!$A$5:$S$125,2,FALSE) -> 0
C79: =VLOOKUP(B78,Conformación!$A$5:$S$125,4,FALSE) -> 0
A81: CARGO | B81: NOMBRE | C81: TARJETA PROFESIONAL | D81: FECHA EXPEDICIÓN | F81: PROFESION | G81: PROFESION | H81: OBJETO | I81: FECHA INICIO PROYECTO | J81: FECHA TERMINACIÓN PROYECTO | K81: VALOR | L81: SMMLV | M81: TOTAL DIAS | N81: AÑOS | O81: MESES | P81: DIAS | Q81: ARCHIVO | R81: OBSERVACIONES
A82: =A$7 -> Director de Consultoría | E82: =IF(D82=0,0,IF(D82<D$7,"CUMPLE EL TIEMPO MÍNIMO REQUERIDO DE HABER TERMINADO Y APROBADO ESTUDIOS","NO CUMPLE EL TIEMPO MÍNIMO REQUERIDO DE HABER TERMINADO Y APROBADO ESTUDIOS")) -> 0 | L82: =IF(K82=0,0,IF(J82<D$82,"EXPERIENCIA ADQUIRIDA ANTES DEL GRADO",K82/VLOOKUP(YEAR(J82),$U$1:$V$65,2,0))) -> 0 | M82: =DAYS360(I82,J82) -> 0 | N82: =ROUNDDOWN(M82/360,0) -> 0 | O82: =ROUNDDOWN((M82-(N82*360))/30,0) -> 0 | P82: =+M82-(N82*360)-(O82*30) -> 0
L83: =IF(K83=0,0,IF(J83<D$82,"EXPERIENCIA ADQUIRIDA ANTES DEL GRADO",K83/VLOOKUP(YEAR(J83),$U$1:$V$65,2,0))) -> 0 | M83: =DAYS360(I83,J83) -> 0 | N83: =ROUNDDOWN(M83/360,0) -> 0 | O83: =ROUNDDOWN((M83-(N83*360))/30,0) -> 0 | P83: =+M83-(N83*360)-(O83*30) -> 0
L84: =IF(K84=0,0,IF(J84<D$82,"EXPERIENCIA ADQUIRIDA ANTES DEL GRADO",K84/VLOOKUP(YEAR(J84),$U$1:$V$65,2,0))) -> 0 | M84: =DAYS360(I84,J84) -> 0 | N84: =ROUNDDOWN(M84/360,0) -> 0 | O84: =ROUNDDOWN((M84-(N84*360))/30,0) -> 0 | P84: =+M84-(N84*360)-(O84*30) -> 0
L85: =IF(K85=0,0,IF(J85<D$82,"EXPERIENCIA ADQUIRIDA ANTES DEL GRADO",K85/VLOOKUP(YEAR(J85),$U$1:$V$65,2,0))) -> 0 | M85: =DAYS360(I85,J85) -> 0 | N85: =ROUNDDOWN(M85/360,0) -> 0 | O85: =ROUNDDOWN((M85-(N85*360))/30,0) -> 0 | P85: =+M85-(N85*360)-(O85*30) -> 0
L86: =IF(K86=0,0,IF(J86<D$82,"EXPERIENCIA ADQUIRIDA ANTES DEL GRADO",K86/VLOOKUP(YEAR(J86),$U$1:$V$65,2,0))) -> 0 | M86: =DAYS360(I86,J86) -> 0 | N86: =ROUNDDOWN(M86/360,0) -> 0 | O86: =ROUNDDOWN((M86-(N86*360))/30,0) -> 0 | P86: =+M86-(N86*360)-(O86*30) -> 0
L87: =IF(K87=0,0,IF(J87<D$82,"EXPERIENCIA ADQUIRIDA ANTES DEL GRADO",K87/VLOOKUP(YEAR(J87),$U$1:$V$65,2,0))) -> 0 | M87: =DAYS360(I87,J87) -> 0 | N87: =ROUNDDOWN(M87/360,0) -> 0 | O87: =ROUNDDOWN((M87-(N87*360))/30,0) -> 0 | P87: =+M87-(N87*360)-(O87*30) -> 0
L88: =IF(K88=0,0,IF(J88<D$82,"EXPERIENCIA ADQUIRIDA ANTES DEL GRADO",K88/VLOOKUP(YEAR(J88),$U$1:$V$65,2,0))) -> 0 | M88: =DAYS360(I88,J88) -> 0 | N88: =ROUNDDOWN(M88/360,0) -> 0 | O88: =ROUNDDOWN((M88-(N88*360))/30,0) -> 0 | P88: =+M88-(N88*360)-(O88*30) -> 0
H89: TOTAL | L89: =SUM(L82:L88) -> 0 | N89: =SUM(N82:N88) -> 0 | O89: =SUM(O82:O88) -> 0 | P89: =SUM(P82:P88) -> 0 | Q89: =+N89+O89/12+P89/365 -> 0 | R89: =+IF(Q89>=$N$7,"CUMPLE","NO CUMPLE") -> NO CUMPLE

Sheet Exp. profesionales ADICIONAL
A1: =+#REF! -> #REF! | L1: 1957 | M1: 155.4
L2: 1958 | M2: 155.4
L3: 1959 | M3: 155.4
A4: EXPERIENCIA ADICIONAL PERSONAL PRINCIPAL REQUERIDO | L4: 1960 | M4: 198
L5: 1961
A6: CARGO A DESEMPEÑAR | B6: EXPERIENCIA ESPECÍFICA | D6: NUMERO DE PROYECTOS | F6: PUNTAJE | G6: SMMLV | L6: 1962 | M6: 300
A7: =+'Exp. profesionales'!A7 -> Residente de Obra | B7: =+'Exp. profesionales'!F7 -> Residente de obra para la construcción y/o ampliación de parques y/o construcción y/o ampliación de canchas en pasto sintético y/o natural y/o escenarios deportivos | D7: Entre 1 y 2 Proyectos adicionales a los indicados en el requerimiento particular del numeral 6.1.3.2 cuya sumatoria tenga un valor igual o superior a 1.0 vez el valor del POE, expresado en SMMLV a la fecha de terminación. | F7: 80 | L7: 1963 | M7: 420
L8: 1964 | M8: 420
D9: Entre 1 y 2 Proyectos adicionales a los indicados en el requerimiento particular del numeral 6.1.3.2 cuya sumatoria tenga un valor igual o superior a 1.5 veces el valor del POE, expresado en SMMLV a la fecha de terminación. | F9: 120 | L9: 1965 | M9: 420
L10: 1966 | M10: 420
D11: Entre 1 y 2 Proyectos adicionales a los indicados en el requerimiento particular del numeral 6.1.3.2 cuya sumatoria tenga un valor igual o superior a 2.0 veces el valor del POE, expresado en SMMLV a la fecha de terminación. | F11: 120 | L11: 1967 | M11: 420
L12: 1968 | M12: 420
L13: 1969 | M13: 519
L14: 1970 | M14: 519
A15: OFERENTE | B15: 1 | C15: =VLOOKUP(B15,Conformación!$A$5:$S$125,2,FALSE) -> BPENNOVA CONSULTORÍA S.A.S. | L15: 1971 | M15: 519
C16: =VLOOKUP(B15,Conformación!$A$5:$S$125,4,FALSE) -> (BPENNOVA CONSULTORÍA S.A.S. 100% - 0% - 0%- 0%- 0%) | L16: 1972 | M16: 660
L17: 1973 | M17: 660
A18: CARGO | B18: NOMBRE | C18: OBJETO | D18: FECHA TERMINACIÓN PROYECTO | E18: VALOR | F18: SMMLV | G18: REQUERIMIENTO PARTICULAR QUE ACREDITA | H18: ARCHIVO | I18: OBSERVACIONES | L18: 1974 | M18: 900
A19: =+A7 -> Residente de Obra | B19: =+'Exp. profesionales'!B24 -> 0 | F19: =IF(E19=0,0,IF(D19<'Exp. profesionales'!D24,"EXPERIENCIA ADQUIRIDA ANTES DEL GRADO",E19/VLOOKUP(YEAR(D19),$L$1:$M$64,2,0))) -> 0 | I19: 120 PUNTOS | L19: 1975 | M19: 1200
F20: =IF(E20=0,0,IF(D20<'Exp. profesionales'!D25,"EXPERIENCIA ADQUIRIDA ANTES DEL GRADO",E20/VLOOKUP(YEAR(D20),$L$1:$M$64,2,0))) -> 0 | L20: 1976 | M20: 1560
F21: =IF(E21=0,0,IF(D21<'Exp. profesionales'!D26,"EXPERIENCIA ADQUIRIDA ANTES DEL GRADO",E21/VLOOKUP(YEAR(D21),$L$1:$M$64,2,0))) -> 0 | L21: 1977 | M21: 1770
F22: =IF(E22=0,0,IF(D22<'Exp. profesionales'!D27,"EXPERIENCIA ADQUIRIDA ANTES DEL GRADO",E22/VLOOKUP(YEAR(D22),$L$1:$M$64,2,0))) -> 0 | L22: 1978 | M22: 2580
F23: =IF(E23=0,0,IF(D23<'Exp. profesionales'!D28,"EXPERIENCIA ADQUIRIDA ANTES DEL GRADO",E23/VLOOKUP(YEAR(D23),$L$1:$M$64,2,0))) -> 0 | L23: 1979 | M23: 3450
F24: =IF(E24=0,0,IF(D24<'Exp. profesionales'!D29,"EXPERIENCIA ADQUIRIDA ANTES DEL GRADO",E24/VLOOKUP(YEAR(D24),$L$1:$M$64,2,0))) -> 0 | L24: 1980 | M24: 4500
F25: =IF(E25=0,0,IF(D25<'Exp. profesionales'!D30,"EXPERIENCIA ADQUIRIDA ANTES DEL GRADO",E25/VLOOKUP(YEAR(D25),$L$1:$M$64,2,0))) -> 0 | L25: 1981 | M25: 5700
C26: TOTAL | F26: =SUM(F19:F25) -> 0 | G26: =IF(F26>=F$7,"cumple",0) -> 0 | L26: 1982 | M26: 7410
L27: 1983 | M27: 9261
A28: OFERENTE | B28: 2 | C28: =VLOOKUP(B28,Conformación!$A$5:$S$125,2,FALSE) -> 0 | L28: 1984 | M28: 11298
C29: =VLOOKUP(B28,Conformación!$A$5:$S$125,4,FALSE) -> 0 | L29: 1985 | M29: 13557
L30: 1986 | M30: 16811.4
A31: CARGO | B31: NOMBRE | C31: OBJETO | D31: FECHA TERMINACIÓN PROYECTO | E31: VALOR | F31: SMMLV | G31: REQUERIMIENTO PARTICULAR QUE ACREDITA | H31: ARCHIVO | I31: OBSERVACIONES | L31: 1987 | M31: 20510
A32: =+A19 -> Residente de Obra | B32: =+'Exp. profesionales'!B36 -> 0 | F32: =IF(E32=0,0,IF(D32<'Exp. profesionales'!D36,"EXPERIENCIA ADQUIRIDA ANTES DEL GRADO",E32/VLOOKUP(YEAR(D32),$L$1:$M$64,2,0))) -> 0 | L32: 1988 | M32: 25637.4
F33: =IF(E33=0,0,IF(D33<'Exp. profesionales'!D37,"EXPERIENCIA ADQUIRIDA ANTES DEL GRADO",E33/VLOOKUP(YEAR(D33),$L$1:$M$64,2,0))) -> 0 | L33: 1989 | M33: 32559.6
F34: =IF(E34=0,0,IF(D34<'Exp. profesionales'!D38,"EXPERIENCIA ADQUIRIDA ANTES DEL GRADO",E34/VLOOKUP(YEAR(D34),$L$1:$M$64,2,0))) -> 0 | L34: 1990 | M34: 41025.1
F35: =IF(E35=0,0,IF(D35<'Exp. profesionales'!D39,"EXPERIENCIA ADQUIRIDA ANTES DEL GRADO",E35/VLOOKUP(YEAR(D35),$L$1:$M$64,2,0))) -> 0 | L35: 1991 | M35: 51720
F36: =IF(E36=0,0,IF(D36<'Exp. profesionales'!D40,"EXPERIENCIA ADQUIRIDA ANTES DEL GRADO",E36/VLOOKUP(YEAR(D36),$L$1:$M$64,2,0))) -> 0 | L36: 1992 | M36: 65190
F37: =IF(E37=0,0,IF(D37<'Exp. profesionales'!D41,"EXPERIENCIA ADQUIRIDA ANTES DEL GRADO",E37/VLOOKUP(YEAR(D37),$L$1:$M$64,2,0))) -> 0 | L37: 1993 | M37: 81510
F38: =IF(E38=0,0,IF(D38<'Exp. profesionales'!D42,"EXPERIENCIA ADQUIRIDA ANTES DEL GRADO",E38/VLOOKUP(YEAR(D38),$L$1:$M$64,2,0))) -> 0 | L38: 1994 | M38: 98700
C39: TOTAL | F39: =SUM(F32:F38) -> 0 | G39: =IF(F39>=F$7,"cumple",0) -> 0 | L39: 1995 | M39: 118933.5
L40: 1996 | M40: 142125
A41: OFERENTE | B41: 3 | C41: =VLOOKUP(B41,Conformación!$A$5:$S$125,2,FALSE) -> 0 | L41: 1997 | M41: 172005
C42: =VLOOKUP(B41,Conformación!$A$5:$S$125,4,FALSE) -> 0 | L42: 1998 | M42: 203826
L43: 1999 | M43: 236460
A44: CARGO | B44: NOMBRE | C44: OBJETO | D44: FECHA TERMINACIÓN PROYECTO | E44: VALOR | F44: SMMLV | G44: REQUERIMIENTO PARTICULAR QUE ACREDITA | H44: ARCHIVO | I44: OBSERVACIONES | L44: 2000 | M44: 260100
A45: =+A32 -> Residente de Obra | B45: =+'Exp. profesionales'!B48 -> 0 | F45: =IF(E45=0,0,IF(D45<#REF!,"EXPERIENCIA ADQUIRIDA ANTES DEL GRADO",E45/VLOOKUP(YEAR(D45),$L$1:$M$64,2,0))) -> 0 | L45: 2001 | M45: 286000
F46: =IF(E46=0,0,IF(D46<#REF!,"EXPERIENCIA ADQUIRIDA ANTES DEL GRADO",E46/VLOOKUP(YEAR(D46),$L$1:$M$64,2,0))) -> 0 | I46: 120 PUNTOS | L46: 2002 | M46: 309000
F47: =IF(E47=0,0,IF(D47<#REF!,"EXPERIENCIA ADQUIRIDA ANTES DEL GRADO",E47/VLOOKUP(YEAR(D47),$L$1:$M$64,2,0))) -> 0 | L47: 2003 | M47: 332000
F48: =IF(E48=0,0,IF(D48<#REF!,"EXPERIENCIA ADQUIRIDA ANTES DEL GRADO",E48/VLOOKUP(YEAR(D48),$L$1:$M$64,2,0))) -> 0 | L48: 2004 | M48: 358000
F49: =IF(E49=0,0,IF(D49<#REF!,"EXPERIENCIA ADQUIRIDA ANTES DEL GRADO",E49/VLOOKUP(YEAR(D49),$L$1:$M$64,2,0))) -> 0 | L49: 2005 | M49: 381500
F50: =IF(E50=0,0,IF(D50<#REF!,"EXPERIENCIA ADQUIRIDA ANTES DEL GRADO",E50/VLOOKUP(YEAR(D50),$L$1:$M$64,2,0))) -> 0 | L50: 2006 | M50: 408000
F51: =IF(E51=0,0,IF(D51<#REF!,"EXPERIENCIA ADQUIRIDA ANTES DEL GRADO",E51/VLOOKUP(YEAR(D51),$L$1:$M$64,2,0))) -> 0 | L51: 2007 | M51: 433700
C52: TOTAL | F52: =SUM(F45:F51) -> 0 | G52: =IF(F52>=F$7,"cumple",0) -> 0 | L52: 2008 | M52: 461500
L53: 2009 | M53: 496900
L54: 2010 | M54: 515000
A55: OFERENTE | B55: 4 | C55: =VLOOKUP(B55,Conformación!$A$5:$S$125,2,FALSE) -> 0 | L55: 2011 | M55: 535600
C56: =VLOOKUP(B55,Conformación!$A$5:$S$125,4,FALSE) -> 0 | L56: 2012 | M56: 566700
L57: 2013 | M57: 581900
A58: CARGO | B58: NOMBRE | C58: OBJETO | D58: FECHA TERMINACIÓN PROYECTO | E58: VALOR | F58: SMMLV | G58: REQUERIMIENTO PARTICULAR QUE ACREDITA | H58: ARCHIVO | I58: OBSERVACIONES | L58: 2014 | M58: 616000
A59: =A$7 -> Residente de Obra | B59: =+'Exp. profesionales'!B60 -> 0 | F59: =IF(E59=0,0,IF(D59<#REF!,"EXPERIENCIA ADQUIRIDA ANTES DEL GRADO",E59/VLOOKUP(YEAR(D59),$L$1:$M$64,2,0))) -> 0 | L59: 2015 | M59: 644350
F60: =IF(E60=0,0,IF(D60<#REF!,"EXPERIENCIA ADQUIRIDA ANTES DEL GRADO",E60/VLOOKUP(YEAR(D60),$L$1:$M$64,2,0))) -> 0 | L60: 2016 | M60: 689500
F61: =IF(E61=0,0,IF(D61<#REF!,"EXPERIENCIA ADQUIRIDA ANTES DEL GRADO",E61/VLOOKUP(YEAR(D61),$L$1:$M$64,2,0))) -> 0 | L61: 2017 | M61: 717737
F62: =IF(E62=0,0,IF(D62<#REF!,"EXPERIENCIA ADQUIRIDA ANTES DEL GRADO",E62/VLOOKUP(YEAR(D62),$L$1:$M$64,2,0))) -> 0 | L62: 2018 | M62: 781242
F63: =IF(E63=0,0,IF(D63<#REF!,"EXPERIENCIA ADQUIRIDA ANTES DEL GRADO",E63/VLOOKUP(YEAR(D63),$L$1:$M$64,2,0))) -> 0 | L63: 2019 | M63: 828116
F64: =IF(E64=0,0,IF(D64<#REF!,"EXPERIENCIA ADQUIRIDA ANTES DEL GRADO",E64/VLOOKUP(YEAR(D64),$L$1:$M$64,2,0))) -> 0 | L64: 2020 | M64: 877803
F65: =IF(E65=0,0,IF(D65<#REF!,"EXPERIENCIA ADQUIRIDA ANTES DEL GRADO",E65/VLOOKUP(YEAR(D65),$L$1:$M$64,2,0))) -> 0
C66: TOTAL | F66: =SUM(F59:F65) -> 0 | G66: =IF(F66>=F$7,"cumple",0) -> 0
A69: OFERENTE | B69: 5 | C69: =VLOOKUP(B69,Conformación!$A$5:$S$125,2,FALSE) -> 0
C70: =VLOOKUP(B69,Conformación!$A$5:$S$125,4,FALSE) -> 0
A72: CARGO | B72: NOMBRE | C72: OBJETO | D72: FECHA TERMINACIÓN PROYECTO | E72: VALOR | F72: SMMLV | G72: REQUERIMIENTO PARTICULAR QUE ACREDITA | H72: ARCHIVO | I72: OBSERVACIONES
A73: =+A59 -> Residente de Obra | B73: =+'Exp. profesionales'!B72 -> 0 | F73: =IF(E73=0,0,IF(D73<#REF!,"EXPERIENCIA ADQUIRIDA ANTES DEL GRADO",E73/VLOOKUP(YEAR(D73),$L$1:$M$64,2,0))) -> 0
F74: =IF(E74=0,0,IF(D74<#REF!,"EXPERIENCIA ADQUIRIDA ANTES DEL GRADO",E74/VLOOKUP(YEAR(D74),$L$1:$M$64,2,0))) -> 0
F75: =IF(E75=0,0,IF(D75<#REF!,"EXPERIENCIA ADQUIRIDA ANTES DEL GRADO",E75/VLOOKUP(YEAR(D75),$L$1:$M$64,2,0))) -> 0
F76: =IF(E76=0,0,IF(D76<#REF!,"EXPERIENCIA ADQUIRIDA ANTES DEL GRADO",E76/VLOOKUP(YEAR(D76),$L$1:$M$64,2,0))) -> 0
F77: =IF(E77=0,0,IF(D77<#REF!,"EXPERIENCIA ADQUIRIDA ANTES DEL GRADO",E77/VLOOKUP(YEAR(D77),$L$1:$M$64,2,0))) -> 0
F78: =IF(E78=0,0,IF(D78<#REF!,"EXPERIENCIA ADQUIRIDA ANTES DEL GRADO",E78/VLOOKUP(YEAR(D78),$L$1:$M$64,2,0))) -> 0
F79: =IF(E79=0,0,IF(D79<#REF!,"EXPERIENCIA ADQUIRIDA ANTES DEL GRADO",E79/VLOOKUP(YEAR(D79),$L$1:$M$64,2,0))) -> 0
C80: TOTAL | F80: =SUM(F73:F79) -> 0 | G80: =IF(F80>=F$7,"cumple",0) -> 0

Sheet Resumen Puntaje
A2: No. | B2: NOMBRE DEL OFERENTE | C2: PUNTAJE OBTENIDO VALOR TOTAL OFERTA ECONÓMICA | D2: PUNTAJE POR EXPERIENCIA ESPECIFICA ADICIONAL DEL OFERENTE | E2: PUNTAJE FACTOR TÉCNICO - PUNTAJE POR CAPACIDAD RESIDUAL ADICIONAL A LA MÍNIMA EXIGIDA | F2: PUNTAJE OBTENIDO APOYO A LA INDUSTRIA NACIONAL | G2: PUNTAJE TOTAL
A3: 1 | B3: =+Conformación!B5 -> BPENNOVA CONSULTORÍA S.A.S. | D3: =+#REF! -> #REF! | F3: 20 | G3: =+C3+D3+E3+F3 -> #REF!
A4: 2 | B4: =+Conformación!#REF! -> #REF! | D4: =+#REF! -> #REF! | F4: 20 | G4: =+C4+D4+E4+F4 -> #REF!
A5: 3 | B5: =+Conformación!#REF! -> #REF! | D5: =+#REF! -> #REF! | F5: 20 | G5: =+C5+D5+E5+F5 -> #REF!
A6: 4 | B6: =+Conformación!#REF! -> #REF! | D6: =+#REF! -> #REF! | F6: 20 | G6: =+C6+D6+E6+F6 -> #REF!
A7: 5 | B7: =+Conformación!#REF! -> #REF! | D7: =+#REF! -> #REF! | F7: 20 | G7: =+C7+D7+E7+F7 -> #REF!
A10: No. | B10: NOMBRE DEL OFERENTE | C10: PUNTAJE OBTENIDO VALOR TOTAL OFERTA ECONÓMICA | D10: PUNTAJE POR EXPERIENCIA ESPECIFICA ADICIONAL DEL OFERENTE | E10: PUNTAJE FACTOR TÉCNICO - PUNTAJE POR CAPACIDAD RESIDUAL ADICIONAL A LA MÍNIMA EXIGIDA | F10: PUNTAJE OBTENIDO APOYO A LA INDUSTRIA NACIONAL | G10: PUNTAJE TOTAL | H10: ORDEN DE ELEGIBILIDAD
